 Dungeon Crawl Stone Soup version 0.30-a0-226-ge18b8abeca (webtiles) character file.

Game seed: 7445220994531145383

529763 qw the Slayer (level 25, -16/182 HPs)
             Began as a Gargoyle Fighter on Oct 9, 2022.
             Was a High Priest of Okawaru.
             Killed from afar by a black draconian knight (17 damage)
             ... with a bolt of cold
             ... on level 2 of the Realm of Zot.
             The game lasted 00:31:20 (50114 turns).

qw the Slayer (Gargoyle Fighter)                   Turns: 50114, Time: 00:31:21

Health: -16/182    AC: 74    Str: 34    XL:     25   Next: 59%
Magic:  30/30      EV: 18    Int:  8    God:    Okawaru [*****.]
Gold:   223        SH: 42    Dex: 18    Spells: 24/24 levels left

rFire   + . .      SeeInvis +    g - +9 broad axe of Pukk {freeze, rCorr Int-2 Dex+3}
rCold   + . .      Faith    .    m - +11 tower shield of the Depths {Rampage Fly Int-4 Dex-2}
rNeg    + . .      Spirit   .    o - +15 plate armour "Baqaps" {Dex+2 Stlth+}
rPois   inf        Reflect  +    L - +5 helmet "Recuri" {Int+6}
rElec   +          Harm     .    F - +2 cloak of Rethralo {SInv}
rCorr   +          Rampage  +    i - +1 pair of gloves of the Game of Life {rElec Regen+ rCorr Stlth-}
Will    ++...                    w - +1 pair of boots of Qoxowkuqegu {Str+3 Dex+2}
Stlth   ..........               n - amulet of reflection
HPRegen 1.30/turn                B - ring of protection from fire
MPRegen 0.22/turn                E - ring "Zajit" {rC+ Will+}

@: heroic, flying
A: sickness immunity, AC +19, big wings, negative energy resistance 1,
electricity resistance, torment resistance 1, petrification resistance, claws 1,
hooves 1, agile 1, sense surroundings 1
}: 3/15 runes: decaying, serpentine, silver
a: Renounce Religion, Heroism, Finesse, Duel


You were on level 2 of the Realm of Zot.
You worshipped Okawaru.
Okawaru was extremely pleased with you.
You visited 9 branches of the dungeon, and saw 42 of its levels.
You visited the Abyss 1 time.
You visited 1 bazaar.
You also visited: Gauntlet and Wizlab.

You collected 5215 gold pieces.
You spent 4992 gold pieces at shops.


Innate Abilities, Weirdness & Mutations

You are immune to sickness and miasma.
Your stone body is resilient. (AC +19)
You are immune to poison.
Your large and strong wings let you fly.
You resist negative energy. (rN+)
You are resistant to electric shocks. (rElec)
You are resistant to unholy torment.
You are immune to petrification.
You have sharp fingernails.
You have large cloven feet.
You are agile. (Dex +4, Str/Int -1)
You passively map a small area around you.


   Skills:
 - Level 25.3(27) Fighting
 - Level 18.0(23.0) Axes
 - Level 11.5(16.5) Throwing
 - Level 22.0(27) Armour
 + Level 10.9(15.9) Dodging
 - Level 22.0(27) Shields
 - Level 10.0 Invocations


You had 24 spell levels left.
You didn't know any spells.
Your spell library was empty.

Inventory:

Hand Weapons
 g - the +9 broad axe of Pukk (weapon) {freeze, rCorr Int-2 Dex+3}
   (Okawaru gifted it to you on level 2 of the Vaults)

   It freezes those it strikes, dealing additional cold damage.
   It can also slow down cold-blooded creatures.
   Int:       It affects your intelligence (-2).
   Dex:       It affects your dexterity (+3).
   rCorr:     It protects you from acid and corrosion.
Missiles
 s - 23 boomerangs (quivered)
Armour
 i - the +1 pair of gloves of the Game of Life (worn) {rElec Regen+ rCorr Stlth-}
   (You found it on level 2 of the Dungeon)

   rElec:     It insulates you from electricity.
   Regen:     It increases your rate of health regeneration.
   rCorr:     It protects you from acid and corrosion.
   Stlth:     It makes you less stealthy.
 m - the +11 tower shield of the Depths (worn) {Rampage Fly Int-4 Dex-2}
   (Okawaru gifted it to you on level 2 of the Vaults)

   Int:       It affects your intelligence (-4).
   Dex:       It affects your dexterity (-2).
   Fly:       It grants you flight.
   Rampage:   It bestows one free step when moving towards enemies.
 o - the +15 plate armour "Baqaps" (worn) {Dex+2 Stlth+}
   (Okawaru gifted it to you on level 1 of the Realm of Zot)

   Dex:       It affects your dexterity (+2).
   Stlth:     It makes you more stealthy.
 w - the +1 pair of boots of Qoxowkuqegu (worn) {Str+3 Dex+2}
   (You bought it in a shop on level 4 of the Snake Pit)

   Str:       It affects your strength (+3).
   Dex:       It affects your dexterity (+2).
 F - the +2 cloak of Rethralo (worn) {SInv}
   (Okawaru gifted it to you on level 4 of the Snake Pit)

   SInv:      It lets you see invisible.
 G - the +1 cloak of Starlight {*Dazzle EV+4 Stlth--}
   (You found it in a wizard's laboratory)

   It may blind those who miss an attack against the wearer in melee combat.
   EV:        It affects your evasion (+4).
   Stlth:     It makes you much less stealthy.
 K - the +4 scale mail "Notwil Irios" {Rampage rCorr}
   (You found it on level 5 of the Vaults)

   rCorr:     It protects you from acid and corrosion.
   Rampage:   It bestows one free step when moving towards enemies.
 L - the +5 helmet "Recuri" (worn) {Int+6}
   (You found it on level 5 of the Vaults)

   Int:       It affects your intelligence (+6).
Jewellery
 b - the amulet "Viup" {Acrobat Rampage Fragile +Blink Regen+}
   (You bought it in a shop on level 3 of the Vaults)

   [amulet of the acrobat]

   It increases your evasion while moving and waiting.
   +Blink:    It lets you blink.
   Regen:     It increases your rate of health regeneration.
   Fragile:   It will be destroyed if unequipped.
   Rampage:   It bestows one free step when moving towards enemies.
 n - an amulet of reflection (around neck)
 q - a +4 ring of protection
 y - a ring of protection from cold
 z - the ring of Namon {Ice Fly rN+ Dex+2}
   (You took it off Josephina on level 1 of the Realm of Zot)

   [ring of ice]

   It enhances your ice magic.
   Dex:       It affects your dexterity (+2).
   rF:        It makes you vulnerable to fire.
   rC:        It protects you from cold.
   rN:        It protects you from negative energy.
   Fly:       It grants you flight.
 A - a ring of resist corrosion
 B - a ring of protection from fire (left hand)
 E - the ring "Zajit" (right hand) {rC+ Will+}
   (You bought it in a shop on level 2 of the Orcish Mines)

   [ring of willpower]

   rC:        It protects you from cold.
   Will:      It increases your willpower.
 J - a ring of protection from fire
 Y - a +4 ring of evasion
Scrolls
 c - 7 scrolls of enchant weapon
 p - 10 scrolls of teleportation
 r - 21 scrolls of identify
 u - a scroll of brand weapon
 D - 4 scrolls of enchant armour
Potions
 a - 6 potions of attraction
 d - 16 potions of might
 e - 8 potions of haste
 h - 16 potions of curing
 k - 10 potions of mutation
 l - 7 potions of lignification
 t - 6 potions of magic
 v - 2 potions of resistance
 x - 3 potions of heal wounds
 C - 4 potions of cancellation

Dungeon Overview and Level Annotations

Branches:
Dungeon (15/15)            Temple (1/1) D:6            Lair (5/5) D:8
  Swamp (4/4) Lair:3        Snake (4/4) Lair:2        Slime (0/5) Lair:5
    Orc (2/2) D:12            Elf (0/3) Orc:2        Vaults (5/5) D:14
  Crypt (0/3) Vaults:2     Depths (4/4) D:15            Zot (2/5) Depths:4
 WizLab (visited)         Gauntlet (visited)

Altars:
Ashenzari
Cheibriados
Dithmenos
Elyvilon
Fedhas
Gozag
Hepliaklqana
Kikubaaqudgha
Makhleb
Nemelex Xobeh
Okawaru
Qazlal
Ru
Sif Muna
Trog
Uskayaw
Vehumet
Wu Jian
Xom
Yredelemnul
Zin
The Shining One

Shops:
D:7 *   D:10 =   D:14 *   Orc:1 :   Orc:2 *([=   Snake:2 =::   Snake:4 [!:
Vaults:1 ?   Vaults:3 =   Depths:2 :

Portals:
Hell: Depths:1 Depths:2 Depths:3 Depths:4
Abyss: Depths:1 Depths:3 Depths:4
Pandemonium: Depths:2
Ziggurat: Depths:2

Annotations:
D:14 6 transporters
Snake:3 3 runed translucent doors, Kicir's ghost, adept GnFi
Vaults:1 2 runed translucent doors, qw's ghost, adept GrFi


Message History

You block the quicksilver dragon's attack. x2
The black draconian knight breathes lightning at you.
The bolt of lightning hits you! You resist. The bolt of lightning misses you.
The bolt of lightning hits the black draconian knight.
The black draconian knight completely resists.
You block the red draconian's attack. The white draconian closely misses you.
The black draconian knight blocks your attack.
The black draconian knight is almost dead.
You closely miss the quicksilver dragon.
You slash the white draconian!
You are engulfed in blazing flames.
You resist.
You block the quicksilver dragon's attack. x2
You block the black draconian knight's attack.
You hit the black draconian knight.
The black draconian knight seems to slow down.
You freeze the black draconian knight.
The black draconian knight is almost dead.
You slice the white draconian!! You freeze the white draconian.
You slash the quicksilver dragon! You freeze the quicksilver dragon.
You are engulfed in blazing flames.
You resist.
You block the quicksilver dragon's attack. x2
The white draconian breathes frost at you.
The blast of cold hits you! You resist.
You hear a sizzling sound!
The red draconian hits you but does no damage.
The black draconian knight gestures at you while chanting.
The bolt of cold hits you! You resist.
50114 ||| READING 11 scrolls of teleportation.
As you read the scroll of teleportation, it crumbles to dust.
You feel strangely unstable.
You feel the Orb delaying your translocation!
The black draconian knight is no longer moving slowly.
You block the quicksilver dragon's attack. x2
The red draconian barely misses you. You block the white draconian's attack.
The quicksilver dragon breathes dispelling energy at you.
The bolt of dispelling energy hits you!!!
You feel strangely stable.
The black draconian knight gestures at you while chanting.
The bolt of cold hits you! You resist.
You die...

, * #[ , ,
####.####*, ,
#.......## ** *
#........ ,
###.......# ,
,........d.# , ,
, .....:Dd).####*
* #@q....# ,
#.####.# * , #.#
* #.# * * ,
####.### #......#
. #.##.#.#.#* ,
#....#.#.#
########........#
*


You could see a black draconian knight (fast, invisible), a red draconian, a
white draconian (catching breath) and a quicksilver dragon (catching breath).

Vanquished Creatures
  A dread lich (Vaults:5)
  An ancient lich (Vaults:5)
  Josephina (Zot:1)
  A caustic shrike (Depths:3)
  10 golden dragons
  An electric golem (Zot:1)
  13 tentacled monstrosities
  2 liches
  A walking crystal tome (WizLab)
  2 walking earthen tomes (WizLab)
  4 titans
  Frances (D:12)
  Asterion (Snake:4)
  2 sphinxes (Vaults:5)
  3 death cobs
  5 quicksilver dragons
  A tentacled starspawn (Abyss:3)
  A sphinx (shapeshifter) (Depths:4)
  8 shadow dragons
  4 thorn hunters
  7 storm dragons
  7 tengu reavers
  5 nagarajas
  2 strange machines (WizLab)
  4 draconian monks
  A fenstrider witch (Swamp:4)
  9 fire giants
  2 draconian knights (Zot:1)
  10 frost giants
  2 draconian scorchers
  3 iron dragons
  A balrug (Depths:1)
  Aizul (Swamp:4)
  30 vault wardens
  Louise (Snake:1)
  A caustic shrike zombie (Depths:2)
  2 draconian stormcallers
  2 ghouls (Swamp:4)
  4 draconian shifters
  2 orc warlords
  2 draconian annihilators (Zot:1)
  19 ironbound preservers
  26 very ugly things
  17 stone giants
  A juggernaut skeleton (Depths:2)
  5 war gargoyles
  A reaper (Depths:4)
  10 ironbound thunderhulks
  3 green draconians (Zot:1)
  A spriggan defender (Depths:2)
  4 eleionomae
  3 vampire knights
  2 deep elf demonologists (Abyss:3)
  6 purple draconians
  2 bunyips
  7 black draconians
  3 deep elf annihilators
  A minotaur (Gauntlet)
  3 white draconians
  7 dire elephants
  Snorg (D:12)
  A spark wasp (Depths:2)
  4 red draconians
  5 yellow draconians
  2 deep elf death magi (Vaults:2)
  3 crystal guardians (Vaults:4)
  2 deep elf high priests
  11 ettins
  A shambling mangrove (Swamp:4)
  11 fire dragons
  An entropy weaver (Vaults:1)
  12 yaktaur captains
  4 great orbs of eyes
  28 hydras
  2 hell beasts (Depths:4)
  37 vault guards
  12 ice dragons
  2 salamander tyrants
  15 rakshasas
  2 ghost crabs
  4 peacekeepers
  2 ogre magi (Vaults:5)
  3 spriggan air magi
  9 centaur warriors
  13 ironbound frosthearts
  A jorogumo (shapeshifter) (Vaults:5)
  4 two-headed ogres
  10 dancing weapons (WizLab)
  5 boulder beetles
  11 anacondas
  7 deep troll earth magi
  4 death yaks (Lair:3)
  3 tengu warriors
  11 deep troll shamans
  4 hell hogs (Depths:1)
  4 alligators
  5 orc high priests
  12 shock serpents
  3 spriggan berserkers
  4 vampire magi
  2 large abominations (Abyss:3)
  11 naga warriors
  11 naga sharpshooters
  2 wretched stars (Abyss:3)
  2 soul eaters (Depths:1)
  Sonja (Orc:1)
  25 hell knights
  12 spriggans
  12 salamander mystics
  A fire crab (shapeshifter) (Vaults:5)
  16 skeletal warriors
  2 goliath frogs (Swamp:2)
  4 starcursed masses (Abyss:3)
  A spatial maelstrom (Abyss:3)
  7 iron trolls
  A quicksilver dragon simulacrum (Depths:4)
  A spectral death yak (Lair:5)
  61 deep trolls
  A spectral anaconda (Lair:5)
  2 flayed ghosts
  2 spriggan druids
  2 shadow demons (Abyss:3)
  A deep elf archer (D:14)
  4 glowing orange brains
  10 lindwurms
  A tengu zombie (Vaults:3)
  12 swamp dragons
  An obsidian statue (Lair:5)
  6 naga ritualists
  12 sea snakes (Snake:3)
  8 bog bodies
  Pikel (D:8)
  12 mana vipers
  13 wizards
  4 phantasmal warriors
  10 orc knights
  19 necromancers
  19 ironbound convokers
  2 frost giant zombies
  5 oklob plants (Lair:5)
  2 deep elf zephyrmancers (D:15)
  5 harpies
  A tengu skeleton (Vaults:3)
  45 ugly things
  8 cyclopes
  5 orc sorcerers
  3 will-o-the-wisps
  22 salamanders
  7 moths of wrath (Zot:1)
  22 elephants
  A fire giant skeleton (Depths:2)
  4 manticores
  An elephant (shapeshifter) (Vaults:5)
  27 vault sentinels
  2 dire elephant zombies (Abyss:3)
  30 black mambas
  A titan simulacrum (Vaults:3)
  A torpor snail (Lair:5)
  An orange demon (Abyss:3)
  16 naga magi
  8 guardian serpents
  Maurice (Orc:1)
  3 smoke demons
  8 cane toads
  A hellion (Abyss:3)
  A storm dragon simulacrum (Depths:3)
  2 centaur skeletons (D:15)
  3 kobold demonologists
  A dire elephant skeleton (Lair:5)
  3 unseen horrors
  5 rime drakes
  A komodo dragon (shapeshifter) (Vaults:2)
  2 efreet
  2 human zombies
  4 freezing wraiths
  5 komodo dragons (Lair:3)
  24 yaktaurs
  8 tengu conjurers
  An ancient zyme (Abyss:3)
  A yaktaur skeleton (Vaults:4)
  A troll (shapeshifter) (D:13)
  3 meliai (D:15)
  2 golden dragon simulacra
  5 trolls
  Grinder (D:6)
  7 tyrant leeches
  A meliai (shapeshifter) (Depths:4)
  15 hornets
  47 slime creatures
  Prince Ribbit (Lair:3)
  A shadow dragon simulacrum (Zot:1)
  A hornet (shapeshifter) (Depths:4)
  2 raiju (Abyss:3)
  A fire giant simulacrum (Depths:3)
  25 blink frogs
  2 centaur simulacra
  A shadow (D:12)
  A ynoxinul (Abyss:3)
  3 wraiths
  A vampire (D:12)
  45 yaks
  3 fire elementals (Gauntlet)
  A water elemental (Depths:1)
  4 fire bats (Depths:1)
  3 basilisks
  2 redbacks (Vaults:1)
  3 wyverns
  7 vampire mosquitoes
  18 humans (D:14)
  3 spatial vortices (Abyss:3)
  A neqoxec (Abyss:3)
  23 swamp worms
  53 nagas
  A warg (Orc:1)
  An acid dragon (D:10)
  6 water moccasins
  2 moth of wrath simulacra (Zot:1)
  3 hell hounds (Gauntlet)
  5 swamp drakes (Swamp:4)
  39 orc warriors
  A sky beast (D:6)
  An elephant zombie (Lair:5)
  An ice beast (D:6)
  A black bear (shapeshifter) (D:14)
  3 black bears
  2 ogres (Orc:2)
  10 boggarts
  7 wolves
  11 centaurs
  3 lemures (D:8)
  4 phantoms
  3 kobold brigands
  16 bullfrogs
  A human skeleton (Vaults:4)
  2 necrophages (Swamp:4)
  A scorpion (D:6)
  A small abomination (Abyss:3)
  6 killer bees (D:10)
  6 howler monkeys
  5 electric eels
  3 centaur zombies
  5 hounds
  33 orc priests
  4 jellies
  3 gnoll boudas
  5 hell rats (Lair:5)
  3 iguanas
  2 scorpion zombies (D:4)
  40 orc wizards
  2 hound zombies (D:4)
  A hound skeleton (D:4)
  A howler monkey zombie (D:4)
  12 gnolls
  7 adders
  A shadow imp (D:7)
  2 white imps
  An adder zombie (D:4)
  3 worms
  3 dart slugs
  66 orcs
  9 ball pythons
  10 bats
  7 endoplasms
  4 giant cockroaches
  9 goblins
  15 hobgoblins
  15 jackals
  31 kobolds
  3 quokkas
  A frilled lizard (D:2)
  7 rats
  2 bushes (D:12)
  A butterfly (Lair:5)
  A fire vortex (Depths:3)
  2 starspawn tentacles (Abyss:3)
1907 creatures vanquished.

Vanquished Creatures (others)
  A death cob (Zot:2)
  A rakshasa (Depths:3)
  A guardian serpent (Snake:4)
  A harpy skeleton (Abyss:3)
  2 raiju (Abyss:3)
  A spriggan (Swamp:1)
  4 small abominations (Abyss:3)
  A kobold (D:11)
  A demonic plant (Gauntlet)
  14 foxfires
  23 fungi
  4 lurking horrors (Abyss:3)
  21 plants
  4 starspawn tentacles (Abyss:3)
  27 withered plants
106 creatures vanquished.

Grand Total: 2013 creatures vanquished

Notes
Turn   | Place    | Note
-------+----------+-------------------------------------------
     0 | D:1      | qw the Gargoyle Fighter began the quest for the Orb.
     0 | D:1      | Reached XP level 1. HP: 14/14 MP: 1/1
     0 | D:1      | 0 ||| qw: Version: 0.2-a-17-g06abaee
     0 | D:1      | 0 ||| qw: Game counter: 2301
     0 | D:1      | 0 ||| qw: Always use a shield: true
     0 | D:1      | 0 ||| qw: God list: Okawaru
     0 | D:1      | 0 ||| qw: Allow faded altars: false
     0 | D:1      | 0 ||| qw: Do Orc after D:15 true
     0 | D:1      | 0 ||| qw: Do second Lair branch before Depths: true
     0 | D:1      | 0 ||| qw: Lair rune preference: random
     0 | D:1      | 0 ||| qw: Plans: Normal, Zot:1-4, God:TSO, Crypt, Tomb,
                  | Pan, Slime:5, Hells, Abyss, Orb
     0 | D:1      | 0 ||| PLANNING D:1-11
    22 | D:1      | Found a shadowy altar of Dithmenos.
   188 | D:1      | Reached XP level 2. HP: 19/19 MP: 2/2
   216 | D:1      | 216 ||| DROPPING +0 club.
   226 | D:1      | 226 ||| Stepping randomly (stuck).
   227 | D:1      | 227 ||| Stepping randomly (stuck).
   228 | D:1      | 228 ||| Stepping randomly (stuck).
   442 | D:1      | Reached skill level 3 in Axes
   518 | D:1      | Reached XP level 3. HP: 23/23 MP: 3/3
   582 | D:1      | 582 ||| Stepping ~*~*~tactically~*~*~ (stealth).
   603 | D:1      | 603 ||| Stepping ~*~*~tactically~*~*~ (stealth).
   604 | D:1      | 604 ||| Stepping ~*~*~tactically~*~*~ (stealth).
   688 | D:1      | 688 ||| READING scroll labelled TUCI ACIGOSHRO.
   689 | D:1      | 689 ||| Stepping randomly (stuck).
   997 | D:1      | 997 ||| Stepping ~*~*~tactically~*~*~ (stealth).
   998 | D:1      | 998 ||| Stepping ~*~*~tactically~*~*~ (stealth).
  1268 | D:2      | Identified the +1 pair of gloves of the Game of Life {rElec
                  | Regen+ rCorr Stlth-}
  1407 | D:2      | 1407 ||| Stepping ~*~*~tactically~*~*~ (stealth).
  1432 | D:2      | 1432 ||| Stepping ~*~*~tactically~*~*~ (stealth).
  1436 | D:2      | Reached XP level 4. HP: 27/28 MP: 4/4
  1663 | D:2      | Identified the +3 dagger of the Hand {venom, SInv Stlth+}
  1669 | D:2      | 1669 ||| UPGRADING to +0 pair of gloves.
  1674 | D:2      | 1674 ||| UPGRADING to +1 pair of gloves of the Game of Life
                  | {rElec Regen+ rCorr Stlth-}.
  1684 | D:2      | 1684 ||| DROPPING +0 pair of gloves.
  1685 | D:2      | 1685 ||| DROPPING +2 pair of gloves.
  1686 | D:2      | 1686 ||| UPGRADING to +0 cloak.
  1691 | D:2      | 1691 ||| DROPPING +6 ring of intelligence.
  1692 | D:2      | 1692 ||| READING scroll labelled TAOVIS LOPT.
  1697 | D:2      | 1697 ||| READING scroll labelled PABEUKH ERASAN.
  1792 | D:3      | 1792 ||| Stepping ~*~*~tactically~*~*~ (hiding).
  1938 | D:3      | 1938 ||| Stepping ~*~*~tactically~*~*~ (stealth).
  1949 | D:3      | 1949 ||| Stepping ~*~*~tactically~*~*~ (stealth).
  1967 | D:3      | 1967 ||| Stepping ~*~*~tactically~*~*~ (stealth).
  1968 | D:3      | 1968 ||| Stepping ~*~*~tactically~*~*~ (stealth).
  1969 | D:3      | 1969 ||| Stepping ~*~*~tactically~*~*~ (stealth).
  1970 | D:3      | 1970 ||| Stepping ~*~*~tactically~*~*~ (stealth).
  2017 | D:3      | Reached XP level 5. HP: 32/32 MP: 5/5
  2020 | D:3      | Found a faded altar of an unknown god.
  2258 | D:3      | Found a snail-covered altar of Cheibriados.
  2303 | D:3      | Found a bloodstained altar of Trog.
  2316 | D:3      | Found an opulent altar of Gozag.
  2329 | D:3      | Found a radiant altar of Vehumet.
  2469 | D:3      | 2469 ||| UPGRADING to +2 pair of boots.
  2474 | D:3      | 2474 ||| UPGRADING to +0 chain mail.
  2484 | D:3      | 2484 ||| DROPPING +0 scale mail.
  2485 | D:3      | 2485 ||| DROPPING ring of flight.
  2486 | D:3      | 2486 ||| READING scroll labelled UDGHUDWESET.
  2487 | D:3      | 2487 ||| READING scroll labelled RUTYDU REON.
  2521 | D:4      | 2521 ||| STAIRDANCE
  2712 | D:4      | Noticed a phantom
  2729 | D:4      | Killed a phantom
  2730 | D:4      | Reached skill level 4 in Fighting
  2730 | D:4      | Reached XP level 6. HP: 39/39 MP: 6/6
  2797 | D:4      | Noticed a black bear
  2798 | D:4      | 2798 ||| Stepping ~*~*~tactically~*~*~ (stealth).
  2805 | D:4      | 2805 ||| Stepping ~*~*~tactically~*~*~ (stealth).
  2811 | D:4      | 2811 ||| Stepping ~*~*~tactically~*~*~ (stealth).
  2820 | D:4      | Killed a black bear
  2822 | D:4      | 2822 ||| Stepping ~*~*~tactically~*~*~ (stealth).
  2825 | D:4      | 2825 ||| Stepping ~*~*~tactically~*~*~ (stealth).
  2826 | D:4      | 2826 ||| Stepping ~*~*~tactically~*~*~ (stealth).
  2830 | D:4      | 2830 ||| Stepping ~*~*~tactically~*~*~ (stealth).
  2832 | D:4      | 2832 ||| Stepping ~*~*~tactically~*~*~ (stealth).
  2852 | D:4      | Reached skill level 6 in Axes
  2860 | D:4      | Reached XP level 7. HP: 41/44 MP: 7/7
  2862 | D:4      | Reached skill level 1 in Dodging
  3175 | D:4      | 3175 ||| Stepping ~*~*~tactically~*~*~ (hiding).
  3177 | D:4      | 3177 ||| Stepping ~*~*~tactically~*~*~ (hiding).
  3201 | D:4      | 3201 ||| Stepping ~*~*~tactically~*~*~ (stealth).
  3204 | D:4      | 3204 ||| Stepping ~*~*~tactically~*~*~ (stealth).
  3206 | D:4      | 3206 ||| Stepping ~*~*~tactically~*~*~ (stealth).
  3235 | D:4      | Reached skill level 5 in Fighting
  3302 | D:4      | 3302 ||| Stepping ~*~*~tactically~*~*~ (stealth).
  3328 | D:4      | Found a glowing golden altar of the Shining One.
  3504 | D:4      | 3504 ||| UPGRADING to +0 helmet.
  3509 | D:4      | 3509 ||| READING scroll labelled KUZIOQA MIEN.
  3510 | D:4      | 3510 ||| READING scroll labelled TIHATU ZOAGI.
  3611 | D:4      | 3611 ||| READING scroll labelled IPPOCLYUHI.
  3612 | D:4      | 3612 ||| DRINKING 2 bubbling dark potions.
  3695 | D:5      | Entered Level 5 of the Dungeon
  3704 | D:5      | 3704 ||| Stepping ~*~*~tactically~*~*~ (stealth).
  3706 | D:5      | Reached skill level 1 in Throwing
  3706 | D:5      | Reached XP level 8. HP: 49/49 MP: 8/8
  3937 | D:5      | 3937 ||| Stepping ~*~*~tactically~*~*~ (stealth).
  4026 | D:5      | 4026 ||| Stepping ~*~*~tactically~*~*~ (stealth).
  4428 | D:5      | 4428 ||| UPGRADING to +0 plate armour.
  4438 | D:5      | 4438 ||| DROPPING +0 chain mail.
  4439 | D:5      | 4439 ||| UPGRADING to amulet of regeneration.
  4444 | D:5      | 4444 ||| READING scroll labelled MUTUVI KUNAXE.
  4445 | D:5      | 4445 ||| DRINKING 2 ruby potions.
  4682 | D:6      | 4682 ||| Stepping ~*~*~tactically~*~*~ (stealth).
  4687 | D:6      | 4687 ||| Stepping ~*~*~tactically~*~*~ (hiding).
  4883 | D:6      | 4883 ||| Stepping ~*~*~tactically~*~*~ (hiding).
  4885 | D:6      | 4885 ||| Stepping ~*~*~tactically~*~*~ (hiding).
  4998 | D:6      | Reached skill level 6 in Fighting
  5033 | D:6      | Reached XP level 9. HP: 56/56 MP: 9/9
  5043 | D:6      | Reached skill level 6 in Armour
  5046 | D:6      | Noticed Grinder
  5047 | D:6      | 5047 ||| Stepping ~*~*~tactically~*~*~ (hiding).
  5053 | D:6      | Paralysed by Grinder for 4 turns
  5067 | D:6      | Killed Grinder
  5109 | D:6      | Found a staircase to the Ecumenical Temple.
  5110 | D:6      | 5110 ||| PLANNING TEMPLE
  5112 | D:6      | 5112 ||| READING scroll labelled YRALAAV MONEPU.
  5113 | D:6      | 5113 ||| READING scroll labelled GUUNECEENEG.
  5114 | D:6      | 5114 ||| READING 2 scrolls of identify.
  5114 | D:6      | 5114 ||| IDENTIFYING fuming sapphire potion
  5119 | Temple   | Entered the Ecumenical Temple
  5167 | Temple   | 5167 ||| PLANNING OKAWARU WORSHIP
  5197 | Temple   | Became a worshipper of Warmaster Okawaru
  5198 | Temple   | 5198 ||| PLANNING D:1-11
  5488 | D:6      | 5488 ||| UPGRADING to amulet of reflection.
  5498 | D:6      | 5498 ||| DROPPING amulet of regeneration.
  5544 | D:7      | Found a broken altar of Ashenzari.
  5574 | D:7      | Found Ilacwen's Wicked Wares.
  5581 | D:7      | 5581 ||| SHOPLISTING +7 sceptre of Torment {pain, torment}
                  | (1440 gold, have 219).
  5603 | D:7      | 5603 ||| Stepping ~*~*~tactically~*~*~ (hiding).
  5651 | D:7      | Reached skill level 9 in Axes
  5678 | D:7      | 5678 ||| Stepping ~*~*~tactically~*~*~ (hiding).
  6059 | D:7      | Reached skill level 7 in Fighting
  6086 | D:7      | Reached * piety under Okawaru
  6103 | D:7      | Noticed a hornet
  6110 | D:7      | Killed a hornet
  6111 | D:7      | Reached skill level 1 in Invocations
  6238 | D:7      | 6238 ||| Stepping ~*~*~tactically~*~*~ (stealth).
  6239 | D:7      | 6239 ||| Stepping ~*~*~tactically~*~*~ (stealth).
  6241 | D:7      | 6241 ||| INVOKING Heroism.
  6319 | D:7      | 6319 ||| Stepping ~*~*~tactically~*~*~ (stealth).
  6321 | D:7      | 6321 ||| Stepping ~*~*~tactically~*~*~ (stealth).
  6413 | D:7      | 6413 ||| Stepping ~*~*~tactically~*~*~ (stealth).
  6415 | D:7      | 6415 ||| INVOKING Heroism.
  6425 | D:7      | Reached skill level 3 in Invocations
  6450 | D:7      | Found a shimmering blue altar of Sif Muna.
  6451 | D:7      | Found a stormy altar of Qazlal.
  6596 | D:7      | 6596 ||| READING scroll labelled NYNIKI NYAT.
  6596 | D:7      | Identified a scroll of acquirement
  6596 | D:7      | 6596 ||| ACQUIRING +1 kite shield of Joy {Harm rF+ Dex+2}
  6596 | D:7      | Acquired the +1 kite shield of Joy {Harm rF+ Dex+2}
  6598 | D:7      | 6598 ||| UPGRADING to +1 kite shield of Joy {Harm rF+
                  | Dex+2}.
  6608 | D:7      | 6608 ||| DROPPING +0 buckler.
  6609 | D:7      | 6609 ||| READING 3 scrolls of identify.
  6609 | D:7      | 6609 ||| IDENTIFYING emerald potion
  6610 | D:7      | 6610 ||| READING 2 scrolls of identify.
  6610 | D:7      | 6610 ||| IDENTIFYING viscous pink potion
  6672 | D:8      | 6672 ||| PLANNING OSSUARY
  6695 | D:8      | Noticed Pikel
  6696 | D:8      | 6696 ||| INVOKING Heroism.
  6701 | D:8      | Noticed a two-headed ogre
  6712 | D:8      | Killed Pikel
  6712 | D:8      | Reached ** piety under Okawaru
  6713 | D:8      | Reached XP level 10. HP: 63/63 MP: 10/13
  6717 | D:8      | Killed a two-headed ogre
  6718 | D:8      | Reached skill level 6 in Shields
  6732 | D:8      | 6732 ||| DROPPING +0 mace.
  6776 | D:8      | 6776 ||| Stepping ~*~*~tactically~*~*~ (stealth).
  6778 | D:8      | 6778 ||| Stepping ~*~*~tactically~*~*~ (stealth).
  6780 | D:8      | 6780 ||| Stepping ~*~*~tactically~*~*~ (hiding).
  6785 | D:8      | 6785 ||| INVOKING Heroism.
  6883 | D:8      | 6883 ||| Stepping ~*~*~tactically~*~*~ (stealth).
  6893 | D:8      | Reached *** piety under Okawaru
  6929 | D:8      | 6929 ||| INVOKING Heroism.
  6987 | D:8      | Noticed a two-headed ogre
  6988 | D:8      | 6988 ||| INVOKING Heroism.
  6997 | D:8      | 6997 ||| Stepping ~*~*~tactically~*~*~ (stealth).
  6999 | D:8      | Killed a two-headed ogre
  7000 | D:8      | Reached skill level 9 in Shields
  7026 | D:8      | 7026 ||| Stepping ~*~*~tactically~*~*~ (stealth).
  7041 | D:8      | 7041 ||| Stepping ~*~*~tactically~*~*~ (stealth).
  7109 | D:8      | Found a staircase to the Lair.
  7384 | D:8      | 7384 ||| RIP OSSUARY
  7385 | D:8      | 7385 ||| PLANNING LAIR
  7385 | D:8      | 7385 ||| UPGRADING to scarf of repulsion.
  7395 | D:8      | 7395 ||| DROPPING +0 chain mail of willpower.
  7396 | D:8      | 7396 ||| UPGRADING to +6 ring of strength.
  7411 | Lair:1   | Entered Level 1 of the Lair of Beasts
  7442 | Lair:1   | 7442 ||| Stepping ~*~*~tactically~*~*~ (stealth).
  7444 | Lair:1   | 7444 ||| Stepping ~*~*~tactically~*~*~ (stealth).
  7445 | Lair:1   | 7445 ||| INVOKING Heroism.
  7485 | Lair:1   | 7485 ||| INVOKING Heroism.
  7492 | Lair:1   | Reached **** piety under Okawaru
  7496 | Lair:1   | Reached XP level 11. HP: 67/67 MP: 12/14
  7818 | Lair:1   | 7818 ||| Stepping ~*~*~tactically~*~*~ (stealth).
  7820 | Lair:1   | 7820 ||| INVOKING Heroism.
  7822 | Lair:1   | 7822 ||| Stepping ~*~*~tactically~*~*~ (stealth).
  7855 | Lair:1   | 7855 ||| INVOKING Heroism.
  7858 | Lair:1   | Reached skill level 8 in Fighting
  7858 | Lair:1   | 7858 ||| Stepping ~*~*~tactically~*~*~ (stealth).
  7866 | Lair:1   | Reached skill level 6 in Invocations
  7873 | Lair:1   | Received a gift from Okawaru
  7917 | Lair:1   | 7917 ||| INVOKING Heroism.
  8206 | Lair:1   | 8206 ||| INVOKING Heroism.
  8211 | Lair:1   | Reached ***** piety under Okawaru
  8431 | Lair:1   | 8431 ||| READING scroll labelled KOGODD SEBU.
  8432 | Lair:1   | 8432 ||| READING 2 scrolls of identify.
  8432 | Lair:1   | 8432 ||| IDENTIFYING smoky grey potion
  8495 | Lair:2   | 8495 ||| INVOKING Heroism.
  8497 | Lair:2   | 8497 ||| STAIRDANCE
  8511 | Lair:2   | 8511 ||| STAIRDANCE
  8525 | Lair:2   | 8525 ||| STAIRDANCE
  8531 | Lair:2   | 8531 ||| STAIRDANCE
  8535 | Lair:1   | 8535 ||| INVOKING Heroism.
  8562 | Lair:2   | 8562 ||| Stepping ~*~*~tactically~*~*~ (hiding).
  8567 | Lair:2   | Identified the +5 executioner's axe of the Slashing Coward
                  | {vorpal, Stlth+} (Okawaru gifted it to you on level 2 of
                  | the Lair of Beasts)
  8567 | Lair:2   | Received a gift from Okawaru
  8578 | Lair:2   | 8578 ||| Stepping ~*~*~tactically~*~*~ (hiding).
  8595 | Lair:2   | Found a staircase to the Snake Pit.
  8599 | Lair:2   | 8599 ||| Stepping ~*~*~tactically~*~*~ (stealth).
  8726 | Lair:2   | Reached XP level 12. HP: 71/73 MP: 18/18
  8746 | Lair:2   | Noticed a five-headed hydra
  8747 | Lair:2   | 8747 ||| INVOKING Heroism.
  8748 | Lair:2   | 8748 ||| INVOKING Finesse.
  8750 | Lair:2   | 8750 ||| SWAPPING to +0 whip of freezing.
  8759 | Lair:2   | Killed a five-headed hydra
  8760 | Lair:2   | Reached skill level 9 in Invocations
  8760 | Lair:2   | 8760 ||| SWAPPING to +1 war axe.
  8902 | Lair:2   | 8902 ||| DROPPING +0 whip of freezing.
  8907 | Lair:2   | 8907 ||| INVOKING Heroism.
  8997 | Lair:2   | 8997 ||| INVOKING Heroism.
  9024 | Lair:2   | 9024 ||| Stepping ~*~*~tactically~*~*~ (stealth).
  9025 | Lair:2   | 9025 ||| Stepping ~*~*~tactically~*~*~ (stealth).
  9114 | Lair:2   | 9114 ||| Stepping ~*~*~tactically~*~*~ (stealth).
  9115 | Lair:2   | 9115 ||| Stepping ~*~*~tactically~*~*~ (stealth).
  9118 | Lair:2   | 9118 ||| Stepping ~*~*~tactically~*~*~ (stealth).
  9127 | Lair:2   | 9127 ||| Stepping ~*~*~tactically~*~*~ (stealth).
  9442 | Lair:2   | 9442 ||| UPGRADING to +0 kite shield.
  9452 | Lair:2   | 9452 ||| READING scroll labelled MUS SYPEMIVIN.
  9480 | Lair:3   | 9480 ||| PLANNING GAUNTLET
  9530 | Lair:3   | Noticed a seven-headed hydra
  9531 | Lair:3   | 9531 ||| INVOKING Heroism.
  9533 | Lair:3   | 9533 ||| Stepping ~*~*~tactically~*~*~ (stealth).
  9538 | Lair:3   | 9538 ||| SWAPPING to +0 flail.
  9554 | Lair:3   | Killed a seven-headed hydra
  9555 | Lair:3   | 9555 ||| SWAPPING to +1 war axe.
  9601 | Lair:3   | 9601 ||| Stepping ~*~*~tactically~*~*~ (stealth).
  9645 | Lair:3   | Identified the +2 leather armour "Puhi" {Dex+4}
  9748 | Lair:3   | Found a gate leading to a gauntlet.
  9753 | Lair:3   | Noticed a death yak
  9753 | Lair:3   | Noticed a death yak
  9754 | Lair:3   | 9754 ||| INVOKING Heroism.
  9754 | Lair:3   | Noticed a death yak
  9755 | Lair:3   | 9755 ||| INVOKING Finesse.
  9755 | Lair:3   | Noticed a death yak
  9770 | Lair:3   | Killed a death yak
  9770 | Lair:3   | Received a gift from Okawaru
  9771 | Lair:3   | Reached skill level 9 in Fighting
  9777 | Lair:3   | Killed a death yak
  9778 | Lair:3   | Killed a death yak
  9784 | Lair:3   | Killed a death yak
  9816 | Gauntlet | Entered a Gauntlet
  9816 | Gauntlet | Found a transporter.
  9819 | Gauntlet | Found a transporter.
  9826 | Gauntlet | Noticed a hell hog
  9831 | Gauntlet | Found a transporter.
  9835 | Gauntlet | Found a transporter.
  9843 | Gauntlet | Noticed a wretched star
  9858 | Gauntlet | Found a transporter.
  9868 | Gauntlet | Found a transporter.
  9872 | Gauntlet | Found a transporter.
  9876 | Gauntlet | Found a transporter.
  9895 | Gauntlet | Noticed a green death
  9899 | Gauntlet | Found a transporter.
  9919 | Gauntlet | Found a transporter.
  9923 | Gauntlet | Found a transporter.
  9931 | Gauntlet | Found a transporter.
  9947 | Gauntlet | Noticed a ghost crab
  9976 | Gauntlet | 9976 ||| Stepping randomly (cloudy).
  9979 | Gauntlet | 9979 ||| INVOKING Heroism.
  9989 | Gauntlet | Killed a ghost crab
  9990 | Gauntlet | Reached skill level 12 in Axes
  9990 | Gauntlet | 9990 ||| Stepping ~*~*~tactically~*~*~ (cloud).
 10012 | Gauntlet | 10012 ||| DROPPING +0 cloak.
 10019 | Gauntlet | 10019 ||| INVOKING Heroism.
 10069 | Gauntlet | 10069 ||| DROPPING +0 pair of gloves of infusion.
 10086 | Gauntlet | Noticed a minotaur
 10087 | Gauntlet | 10087 ||| Stepping ~*~*~tactically~*~*~ (hiding).
 10090 | Gauntlet | 10090 ||| INVOKING Heroism.
 10091 | Gauntlet | 10091 ||| INVOKING Finesse.
 10106 | Gauntlet | Killed a minotaur
 10107 | Gauntlet | Reached skill level 9 in Armour
 10150 | Gauntlet | Identified the ring of the Twisting Gods {rC+ rN+ MP+9
                  | Int+3 Slay-6}
 10167 | Gauntlet | 10167 ||| DROPPING +1 kite shield of Joy {Harm rF+ Dex+2}.
 10168 | Gauntlet | 10168 ||| UPGRADING to +2 kite shield of fire resistance.
 10178 | Gauntlet | 10178 ||| DROPPING +0 kite shield.
 10193 | Lair:3   | 10193 ||| PLANNING LAIR
 10196 | Lair:3   | 10196 ||| SWAPPING to +2 war axe of venom.
 10197 | Lair:3   | 10197 ||| DROPPING +1 war axe.
 10223 | Lair:3   | 10223 ||| INVOKING Heroism.
 10223 | Lair:3   | Noticed Prince Ribbit
 10228 | Lair:3   | Reached XP level 13. HP: 80/80 MP: 17/20
 10232 | Lair:3   | Killed Prince Ribbit
 10233 | Lair:3   | Reached skill level 3 in Throwing
 10274 | Lair:3   | 10274 ||| Stepping ~*~*~tactically~*~*~ (hiding).
 10275 | Lair:3   | 10275 ||| INVOKING Heroism.
 10309 | Lair:3   | 10309 ||| Stepping ~*~*~tactically~*~*~ (stealth).
 10311 | Lair:3   | 10311 ||| SWAPPING to +0 flail.
 10312 | Lair:3   | 10312 ||| INVOKING Finesse.
 10313 | Lair:3   | 10313 ||| Stepping ~*~*~tactically~*~*~ (stealth).
 10322 | Lair:3   | 10322 ||| SWAPPING to +2 war axe of venom.
 10344 | Lair:3   | 10344 ||| SWAPPING to +0 flail.
 10348 | Lair:3   | 10348 ||| INVOKING Heroism.
 10359 | Lair:3   | HP: 20/80 [seven-headed hydra (3)]
 10360 | Lair:3   | 10360 ||| READING 6 scrolls of teleportation.
 10366 | Lair:3   | 10366 ||| SWAPPING to +2 war axe of venom.
 10368 | Lair:3   | 10368 ||| Stepping ~*~*~tactically~*~*~ (stealth).
 10378 | Lair:3   | 10378 ||| Stepping ~*~*~tactically~*~*~ (stealth).
 10379 | Lair:3   | 10379 ||| Stepping ~*~*~tactically~*~*~ (stealth).
 10471 | Lair:3   | 10471 ||| Stepping ~*~*~tactically~*~*~ (stealth).
 10474 | Lair:3   | 10474 ||| Stepping ~*~*~tactically~*~*~ (stealth).
 10499 | Lair:3   | Reached skill level 10 in Fighting
 10577 | Lair:3   | 10577 ||| INVOKING Heroism.
 10719 | Lair:3   | 10719 ||| INVOKING Heroism.
 10791 | Lair:3   | 10791 ||| Stepping ~*~*~tactically~*~*~ (stealth).
 10792 | Lair:3   | 10792 ||| Stepping ~*~*~tactically~*~*~ (stealth).
 10796 | Lair:3   | 10796 ||| INVOKING Heroism.
 11016 | Lair:3   | 11016 ||| INVOKING Heroism.
 11017 | Lair:3   | 11017 ||| INVOKING Finesse.
 11020 | Lair:3   | Received a gift from Okawaru
 11060 | Lair:3   | 11060 ||| SWAPPING to +5 broad axe of freezing.
 11061 | Lair:3   | 11061 ||| DROPPING +2 war axe of venom.
 11091 | Lair:3   | Found a staircase to the Swamp.
 11224 | Lair:3   | 11224 ||| Stepping ~*~*~tactically~*~*~ (stealth).
 11225 | Lair:3   | 11225 ||| Stepping ~*~*~tactically~*~*~ (stealth).
 11228 | Lair:3   | 11228 ||| INVOKING Heroism.
 11250 | Lair:3   | 11250 ||| DROPPING +2 pair of gloves.
 11251 | Lair:3   | 11251 ||| READING 5 scrolls of identify.
 11251 | Lair:3   | 11251 ||| IDENTIFYING glowing purple potion
 11252 | Lair:3   | 11252 ||| DROPPING potion of flight.
 11359 | Lair:4   | 11359 ||| Stepping ~*~*~tactically~*~*~ (stealth).
 11361 | Lair:4   | 11361 ||| Stepping ~*~*~tactically~*~*~ (stealth).
 11363 | Lair:4   | 11363 ||| Stepping ~*~*~tactically~*~*~ (stealth).
 11365 | Lair:4   | 11365 ||| INVOKING Heroism.
 11396 | Lair:4   | 11396 ||| READING scroll of enchant weapon.
 11396 | Lair:4   | 11396 ||| ENCHANTING +5 broad axe of freezing.
 11425 | Lair:4   | 11425 ||| Stepping ~*~*~tactically~*~*~ (hiding).
 11539 | Lair:4   | 11539 ||| INVOKING Heroism.
 11540 | Lair:4   | 11540 ||| Stepping ~*~*~tactically~*~*~ (stealth).
 11631 | Lair:4   | 11631 ||| Stepping ~*~*~tactically~*~*~ (hiding).
 12012 | Lair:4   | You fall into a shaft and drop 1 floor!
 12012 | Lair:5   | Entered Level 5 of the Lair of Beasts
 12039 | Lair:5   | 12039 ||| READING scroll of enchant weapon.
 12039 | Lair:5   | 12039 ||| ENCHANTING +6 broad axe of freezing.
 12068 | Lair:5   | 12068 ||| Stepping ~*~*~tactically~*~*~ (stealth).
 12069 | Lair:5   | 12069 ||| INVOKING Heroism.
 12083 | Lair:5   | 12083 ||| Stepping ~*~*~tactically~*~*~ (stealth).
 12101 | Lair:5   | 12101 ||| Stepping ~*~*~tactically~*~*~ (stealth).
 12109 | Lair:5   | 12109 ||| Stepping ~*~*~tactically~*~*~ (stealth).
 12197 | Lair:5   | 12197 ||| INVOKING Heroism.
 12198 | Lair:5   | 12198 ||| INVOKING Finesse.
 12199 | Lair:5   | Found a staircase to the Slime Pits.
 12210 | Lair:5   | Received a gift from Okawaru
 12218 | Lair:5   | 12218 ||| READING 7 scrolls of teleportation.
 12348 | Lair:5   | 12348 ||| READING 5 scrolls of identify.
 12348 | Lair:5   | 12348 ||| IDENTIFYING smoky pink potion
 12349 | Lair:5   | 12349 ||| DROPPING potion of brilliance.
 12834 | Lair:5   | 12834 ||| INVOKING Heroism.
 12847 | Lair:5   | Received a gift from Okawaru
 13354 | Lair:5   | Noticed a dire elephant
 13354 | Lair:5   | Noticed a dire elephant
 13354 | Lair:5   | Noticed a dire elephant
 13355 | Lair:5   | Noticed a dire elephant
 13356 | Lair:5   | 13356 ||| INVOKING Heroism.
 13365 | Lair:5   | Killed a dire elephant
 13367 | Lair:5   | Gained mutation: Your large and strong wings let you fly.
                  | [Gargoyle growth]
 13367 | Lair:5   | Reached XP level 14. HP: 53/88 MP: 19/21
 13416 | Lair:5   | 13416 ||| INVOKING Heroism.
 13483 | Lair:5   | 13483 ||| Stepping ~*~*~tactically~*~*~ (stealth).
 13509 | Lair:5   | 13509 ||| Stepping ~*~*~tactically~*~*~ (hiding).
 13510 | Lair:5   | 13510 ||| Stepping ~*~*~tactically~*~*~ (hiding).
 13602 | Lair:5   | 13602 ||| INVOKING Heroism.
 13603 | Lair:5   | 13603 ||| INVOKING Finesse.
 13687 | Lair:5   | 13687 ||| INVOKING Heroism.
 13692 | Lair:5   | Killed a dire elephant
 13696 | Lair:5   | Killed a dire elephant
 13697 | Lair:5   | Reached skill level 11 in Fighting
 13698 | Lair:5   | Killed a dire elephant
 13700 | Lair:5   | HP: 21/90 [??? (5)]
 13701 | Lair:5   | 13701 ||| READING 6 scrolls of teleportation.
 13701 | Lair:5   | HP: 8/90 [dire elephant simulacrum[a necromancer] (14)]
 13721 | Lair:5   | 13721 ||| FLEEEEING.
 13928 | Lair:5   | 13928 ||| PLANNING D:1-11
 13928 | Lair:5   | 13928 ||| UPGRADING to ring of willpower.
 14380 | D:9      | 14380 ||| Stepping ~*~*~tactically~*~*~ (hiding).
 14381 | D:9      | 14381 ||| Stepping ~*~*~tactically~*~*~ (hiding).
 14914 | D:9      | 14914 ||| INVOKING Heroism.
 14992 | D:9      | 14992 ||| Stepping ~*~*~tactically~*~*~ (stealth).
 14993 | D:9      | 14993 ||| Stepping ~*~*~tactically~*~*~ (stealth).
 14995 | D:9      | 14995 ||| Stepping ~*~*~tactically~*~*~ (stealth).
 15551 | D:10     | Entered Level 10 of the Dungeon
 15561 | D:10     | Reached skill level 12 in Shields
 15589 | D:10     | Found a blossoming altar of Fedhas.
 15628 | D:10     | 15628 ||| INVOKING Heroism.
 15761 | D:10     | 15761 ||| INVOKING Heroism.
 15783 | D:10     | Found Ocziudgh's Jewellery Shop.
 15797 | D:10     | 15797 ||| BUYING +4 ring of evasion (540 gold).
 15797 | D:10     | Bought a +4 ring of evasion for 540 gold pieces
 15797 | D:10     | 15797 ||| SHOPLISTING +4 ring of protection (540 gold, have
                  | 413).
 15797 | D:10     | 15797 ||| SHOPLISTING ring "Ufratrok" {rC+ rN+ Dex+6} (813
                  | gold, have 413).
 15797 | D:10     | 15797 ||| BUYING ring of see invisible (225 gold).
 15797 | D:10     | Bought a ring of see invisible for 225 gold pieces
 16093 | D:10     | 16093 ||| Stepping randomly (disturbance).
 16094 | D:10     | 16094 ||| Stepping randomly (disturbance).
 16173 | D:10     | 16173 ||| Stepping ~*~*~tactically~*~*~ (hiding).
 16327 | D:10     | 16327 ||| DROPPING ring of the Twisting Gods {rC+ rN+ MP+9
                  | Int+3 Slay-6}.
 16328 | D:10     | 16328 ||| UPGRADING to +4 ring of evasion.
 16330 | D:10     | 16330 ||| UPGRADING to ring of see invisible.
 16332 | D:10     | 16332 ||| DROPPING ring of willpower.
 16343 | D:11     | 16343 ||| INVOKING Heroism.
 16346 | D:11     | 16346 ||| STAIRDANCE
 16357 | D:11     | 16357 ||| STAIRDANCE
 16362 | D:11     | 16362 ||| STAIRDANCE
 16371 | D:11     | 16371 ||| STAIRDANCE
 16539 | D:11     | 16539 ||| INVOKING Heroism.
 16546 | D:11     | Reached skill level 6 in Throwing
 16774 | D:11     | 16774 ||| INVOKING Heroism.
 16865 | D:11     | 16865 ||| Stepping ~*~*~tactically~*~*~ (stealth).
 16873 | D:11     | Received a gift from Okawaru
 17228 | D:11     | 17228 ||| PLANNING D
 17228 | D:11     | 17228 ||| READING scroll labelled XATHYNG WET TUKOAC.
 17314 | D:12     | 17314 ||| INVOKING Heroism.
 17316 | D:12     | 17316 ||| Stepping ~*~*~tactically~*~*~ (hiding).
 17368 | D:12     | 17368 ||| INVOKING Heroism.
 17540 | D:12     | 17540 ||| INVOKING Heroism.
 17570 | D:12     | Received a gift from Okawaru
 17572 | D:12     | Reached skill level 15 in Axes
 17577 | D:12     | 17577 ||| INVOKING Heroism.
 17687 | D:12     | 17687 ||| INVOKING Heroism.
 17729 | D:12     | 17729 ||| INVOKING Finesse.
 17744 | D:12     | Reached XP level 15. HP: 95/95 MP: 17/22
 17791 | D:12     | Noticed Frances
 17792 | D:12     | 17792 ||| INVOKING Heroism.
 17793 | D:12     | 17793 ||| INVOKING Finesse.
 17819 | D:12     | Killed Frances
 17862 | D:12     | 17862 ||| INVOKING Heroism.
 17897 | D:12     | Noticed Snorg
 17898 | D:12     | 17898 ||| INVOKING Finesse.
 17903 | D:12     | Killed Snorg
 17904 | D:12     | Reached skill level 12 in Fighting
 17996 | D:12     | Found a staircase to the Orcish Mines.
 18005 | D:12     | Identified the +5 lajatang "Ynideh" {drain, Fragile rElec
                  | rPois Str+2}
 18249 | D:12     | 18249 ||| READING scroll labelled RIMUVU KOIHUHO.
 18250 | D:12     | 18250 ||| READING 9 scrolls of identify.
 18250 | D:12     | 18250 ||| IDENTIFYING dark potion
 18251 | D:12     | 18251 ||| READING 8 scrolls of identify.
 18251 | D:12     | 18251 ||| IDENTIFYING viscous blue potion
 18252 | D:12     | 18252 ||| DROPPING potion of degeneration.
 18362 | D:13     | 18362 ||| READING scroll of enchant armour.
 18362 | D:13     | 18362 ||| ENCHANTING +0 helmet.
 18507 | D:13     | 18507 ||| Stepping ~*~*~tactically~*~*~ (hiding).
 18591 | D:13     | 18591 ||| INVOKING Heroism.
 18641 | D:13     | 18641 ||| Stepping ~*~*~tactically~*~*~ (hiding).
 18642 | D:13     | 18642 ||| INVOKING Heroism.
 18653 | D:13     | Received a gift from Okawaru
 18668 | D:13     | 18668 ||| INVOKING Heroism.
 18726 | D:13     | 18726 ||| Stepping ~*~*~tactically~*~*~ (hiding).
 18744 | D:13     | Found an iron altar of Okawaru.
 18746 | D:13     | 18746 ||| INVOKING Heroism.
 18747 | D:13     | 18747 ||| INVOKING Finesse.
 18748 | D:13     | 18748 ||| SWAPPING to +0 flail.
 18756 | D:13     | 18756 ||| SWAPPING to +7 broad axe of freezing.
 18976 | D:13     | 18976 ||| READING scroll of enchant armour.
 18976 | D:13     | 18976 ||| ENCHANTING +1 helmet.
 19115 | D:14     | 19115 ||| INVOKING Heroism.
 19179 | D:14     | Found a transporter.
 19186 | D:14     | Found a transporter.
 19269 | D:14     | Found Loisasup's Assorted Antiques.
 19277 | D:14     | 19277 ||| BUYING dented silver amulet (140 gold).
 19277 | D:14     | Bought a dented silver amulet for 140 gold pieces
 19277 | D:14     | 19277 ||| BUYING potion of attraction (84 gold).
 19277 | D:14     | Bought a potion of attraction for 84 gold pieces
 19277 | D:14     | 19277 ||| SHOPLISTING scroll of enchant armour (210 gold,
                  | have 176).
 19277 | D:14     | 19277 ||| SHOPLISTING scroll of enchant weapon (210 gold,
                  | have 176).
 19277 | D:14     | 19277 ||| BUYING scroll of identify (56 gold).
 19277 | D:14     | Bought a scroll of identify for 56 gold pieces
 19400 | D:14     | Found a transporter.
 19427 | D:14     | 19427 ||| Stepping ~*~*~tactically~*~*~ (hiding).
 19622 | D:14     | 19622 ||| INVOKING Heroism.
 19636 | D:14     | Reached skill level 3 in Dodging
 19745 | D:14     | 19745 ||| INVOKING Heroism.
 19787 | D:14     | Received a gift from Okawaru
 19800 | D:14     | Found a gate to the Vaults.
 19801 | D:14     | 19801 ||| INVOKING Heroism.
 19862 | D:14     | Found the +5 lochaber axe {reach-cleave, poleaxe Drain}
 19877 | D:14     | 19877 ||| INVOKING Heroism.
 19889 | D:14     | Reached ****** piety under Okawaru
 19895 | D:14     | Found a transporter.
 19904 | D:14     | Found a transporter.
 19941 | D:14     | Found a transporter.
 19953 | D:14     | 19953 ||| INVOKING Heroism.
 19954 | D:14     | 19954 ||| INVOKING Finesse.
 19956 | D:14     | 19956 ||| SWAPPING to +0 flail.
 19966 | D:14     | 19966 ||| SWAPPING to +7 broad axe of freezing.
 20011 | D:14     | 20011 ||| INVOKING Heroism.
 20130 | D:14     | 20130 ||| INVOKING Heroism.
 20142 | D:14     | Reached skill level 12 in Armour
 20292 | D:14     | 20292 ||| INVOKING Heroism.
 20293 | D:14     | 20293 ||| INVOKING Finesse.
 20295 | D:14     | 20295 ||| SWAPPING to +0 flail.
 20304 | D:14     | 20304 ||| SWAPPING to +7 broad axe of freezing.
 20370 | D:14     | 20370 ||| Stepping ~*~*~tactically~*~*~ (hiding).
 20625 | D:14     | 20625 ||| DROPPING +2 hat.
 20626 | D:14     | 20626 ||| DROPPING amulet of magic regeneration.
 20627 | D:14     | 20627 ||| DRINKING 2 amethyst potions.
 20641 | D:15     | Entered Level 15 of the Dungeon
 20646 | D:15     | 20646 ||| Stepping ~*~*~tactically~*~*~ (stealth).
 20650 | D:15     | 20650 ||| INVOKING Heroism.
 20741 | D:15     | 20741 ||| Stepping ~*~*~tactically~*~*~ (stealth).
 20754 | D:15     | Reached XP level 16. HP: 95/101 MP: 23/23
 20846 | D:15     | 20846 ||| INVOKING Heroism.
 20916 | D:15     | 20916 ||| Stepping ~*~*~tactically~*~*~ (hiding).
 20917 | D:15     | 20917 ||| Stepping ~*~*~tactically~*~*~ (hiding).
 20948 | D:15     | 20948 ||| Stepping ~*~*~tactically~*~*~ (hiding).
 20952 | D:15     | 20952 ||| INVOKING Heroism.
 20968 | D:15     | Identified the +4 crystal plate armour "Vettobe" {Will+
                  | Str+3 Dex-3 Slay+2} (Okawaru gifted it to you on level 15
                  | of the Dungeon)
 20968 | D:15     | Received a gift from Okawaru
 20998 | D:15     | Found a staircase to the Depths.
 21056 | D:15     | 21056 ||| Stepping ~*~*~tactically~*~*~ (stealth).
 21058 | D:15     | 21058 ||| Stepping ~*~*~tactically~*~*~ (stealth).
 21060 | D:15     | 21060 ||| INVOKING Heroism.
 21135 | D:15     | 21135 ||| INVOKING Heroism.
 21136 | D:15     | 21136 ||| SWAPPING to +0 flail.
 21137 | D:15     | 21137 ||| INVOKING Finesse.
 21145 | D:15     | 21145 ||| SWAPPING to +7 broad axe of freezing.
 21230 | D:15     | 21230 ||| DROPPING +0 whip of electrocution.
 21252 | D:15     | 21252 ||| PLANNING ORC
 21252 | D:15     | 21252 ||| UPGRADING to +4 crystal plate armour "Vettobe"
                  | {Will+ Str+3 Dex-3 Slay+2}.
 21262 | D:15     | 21262 ||| DROPPING +0 plate armour.
 21353 | Orc:1    | Entered Level 1 of the Orcish Mines
 21353 | Orc:1    | Found Bider's Self-Improvement Boutique.
 21354 | Orc:1    | 21354 ||| INVOKING Heroism.
 21355 | Orc:1    | Noticed Sonja
 21356 | Orc:1    | 21356 ||| INVOKING Finesse.
 21364 | Orc:1    | Killed Sonja
 21401 | Orc:1    | 21401 ||| DROPPING +0 flail.
 21566 | Orc:2    | Entered Level 2 of the Orcish Mines
 21598 | Orc:2    | 21598 ||| INVOKING Heroism.
 21641 | Orc:1    | 21641 ||| Stepping ~*~*~tactically~*~*~ (stealth).
 21642 | Orc:1    | 21642 ||| Stepping ~*~*~tactically~*~*~ (stealth).
 21642 | Orc:1    | Noticed Maurice
 21643 | Orc:1    | 21643 ||| INVOKING Heroism.
 21663 | Orc:1    | Killed Maurice
 21774 | Orc:1    | 21774 ||| Stepping ~*~*~tactically~*~*~ (stealth).
 21776 | Orc:1    | 21776 ||| Stepping ~*~*~tactically~*~*~ (hiding).
 21783 | Orc:1    | 21783 ||| INVOKING Heroism.
 22028 | Orc:2    | 22028 ||| Stepping ~*~*~tactically~*~*~ (stealth).
 22031 | Orc:2    | 22031 ||| Stepping ~*~*~tactically~*~*~ (stealth).
 22033 | Orc:2    | 22033 ||| Stepping ~*~*~tactically~*~*~ (stealth).
 22035 | Orc:2    | 22035 ||| INVOKING Heroism.
 22045 | Orc:2    | 22045 ||| Stepping ~*~*~tactically~*~*~ (stealth).
 22052 | Orc:2    | Found a staircase to the Elven Halls.
 22114 | Orc:2    | 22114 ||| Stepping ~*~*~tactically~*~*~ (hiding).
 22121 | Orc:2    | 22121 ||| INVOKING Heroism.
 22165 | Orc:2    | 22165 ||| FLEEEEING.
 22166 | Orc:2    | 22166 ||| Stepping ~*~*~tactically~*~*~ (hiding).
 22168 | Orc:2    | 22168 ||| INVOKING Heroism.
 22222 | Orc:2    | 22222 ||| Stepping ~*~*~tactically~*~*~ (hiding).
 22223 | Orc:2    | 22223 ||| INVOKING Heroism.
 22237 | Orc:2    | 22237 ||| Stepping ~*~*~tactically~*~*~ (hiding).
 22277 | Orc:2    | 22277 ||| DROPPING +0 morningstar.
 22289 | Orc:2    | 22289 ||| Stepping ~*~*~tactically~*~*~ (hiding).
 22290 | Orc:2    | 22290 ||| Stepping ~*~*~tactically~*~*~ (hiding).
 22291 | Orc:2    | 22291 ||| Stepping ~*~*~tactically~*~*~ (hiding).
 22457 | Orc:2    | Found Xeesch's General Store.
 22457 | Orc:2    | Found Goisch's Armour Shop.
 22458 | Orc:2    | Found Logaezemu's Jewellery Shop.
 22462 | Orc:2    | Found Cusu's Weapon Boutique.
 22465 | Orc:2    | 22465 ||| BUYING ring "Zajit" {rC+ Will+} (663 gold).
 22465 | Orc:2    | Bought the ring "Zajit" {rC+ Will+} for 663 gold pieces
 22467 | Orc:2    | 22467 ||| SHOPLISTING +4 ring of evasion (360 gold, have
                  | 355).
 22467 | Orc:2    | 22467 ||| SHOPLISTING ring of the Octopus King {rCorr HP+2
                  | AC+2 EV+2 SH+2} (564 gold, have 355).
 22560 | Orc:2    | 22560 ||| PLANNING SNAKE:1-3
 22560 | Orc:2    | 22560 ||| UPGRADING to ring "Zajit" {rC+ Will+}.
 22740 | Snake:1  | Entered Level 1 of the Snake Pit
 22769 | Snake:1  | 22769 ||| Stepping ~*~*~tactically~*~*~ (hiding).
 22772 | Snake:1  | 22772 ||| INVOKING Heroism.
 23316 | Snake:1  | 23316 ||| Stepping ~*~*~tactically~*~*~ (hiding).
 23369 | Snake:1  | You are sucked into a shaft and drop 1 floor!
 23375 | Snake:2  | Received a gift from Okawaru
 23407 | Snake:2  | 23407 ||| READING scroll of enchant weapon.
 23407 | Snake:2  | 23407 ||| ENCHANTING +7 broad axe of freezing.
 23414 | Snake:2  | 23414 ||| Stepping ~*~*~tactically~*~*~ (hiding).
 23455 | Snake:2  | Identified the +8 spear of Etutokh {speed, rElec Stlth+}
 23516 | Snake:2  | 23516 ||| Stepping ~*~*~tactically~*~*~ (hiding).
 23526 | Snake:2  | 23526 ||| INVOKING Heroism.
 23606 | Snake:2  | 23606 ||| Stepping ~*~*~tactically~*~*~ (stealth).
 23607 | Snake:2  | 23607 ||| DROPPING amulet of guardian spirit.
 23608 | Snake:2  | 23608 ||| READING scroll labelled FUKIJOEFIO.
 23647 | Snake:1  | Reached skill level 15 in Armour
 23687 | Snake:1  | 23687 ||| Stepping ~*~*~tactically~*~*~ (stealth).
 23688 | Snake:1  | 23688 ||| Stepping ~*~*~tactically~*~*~ (stealth).
 23847 | Snake:1  | Noticed Louise
 23848 | Snake:1  | 23848 ||| INVOKING Heroism.
 23849 | Snake:1  | 23849 ||| INVOKING Finesse.
 23864 | Snake:1  | 23864 ||| Stepping ~*~*~tactically~*~*~ (hiding).
 23865 | Snake:1  | 23865 ||| Stepping ~*~*~tactically~*~*~ (hiding).
 23866 | Snake:1  | 23866 ||| Stepping ~*~*~tactically~*~*~ (hiding).
 23867 | Snake:1  | 23867 ||| Stepping ~*~*~tactically~*~*~ (hiding).
 23868 | Snake:1  | 23868 ||| Stepping ~*~*~tactically~*~*~ (hiding).
 23870 | Snake:1  | 23870 ||| Stepping ~*~*~tactically~*~*~ (hiding).
 23871 | Snake:1  | 23871 ||| Stepping ~*~*~tactically~*~*~ (hiding).
 23872 | Snake:1  | 23872 ||| Stepping ~*~*~tactically~*~*~ (hiding).
 23882 | Snake:1  | Killed Louise
 23978 | Snake:1  | 23978 ||| UPGRADING to +0 tower shield.
 23988 | Snake:1  | 23988 ||| DROPPING +2 kite shield of fire resistance.
 24049 | Snake:2  | 24049 ||| Stepping ~*~*~tactically~*~*~ (hiding).
 24050 | Snake:2  | 24050 ||| Stepping ~*~*~tactically~*~*~ (hiding).
 24052 | Snake:2  | 24052 ||| Stepping ~*~*~tactically~*~*~ (stealth).
 24053 | Snake:2  | 24053 ||| INVOKING Heroism.
 24060 | Snake:2  | 24060 ||| Stepping ~*~*~tactically~*~*~ (hiding).
 24080 | Snake:2  | 24080 ||| READING scroll of brand weapon.
 24080 | Snake:2  | 24080 ||| BRANDING +8 broad axe of protection.
 24196 | Snake:2  | Found Onusmotz's Jewellery Shoppe.
 24196 | Snake:2  | Found Bihomnint's Book Shop.
 24197 | Snake:2  | Found Itheovva's Book Shop.
 24205 | Snake:2  | 24205 ||| BUYING ring of ice (250 gold).
 24205 | Snake:2  | Bought a ring of ice for 250 gold pieces
 24205 | Snake:2  | 24205 ||| SHOPLISTING ring of protection from fire (250
                  | gold, have 214).
 24205 | Snake:2  | 24205 ||| BUYING ring of resist corrosion (200 gold).
 24205 | Snake:2  | Bought a ring of resist corrosion for 200 gold pieces
 24279 | Snake:2  | 24279 ||| Stepping ~*~*~tactically~*~*~ (hiding).
 24283 | Snake:2  | 24283 ||| INVOKING Heroism.
 24408 | Snake:3  | Reached XP level 17. HP: 106/106 MP: 24/24
 24419 | Snake:3  | 24419 ||| Stepping ~*~*~tactically~*~*~ (hiding).
 24426 | Snake:3  | 24426 ||| INVOKING Heroism.
 24478 | Snake:3  | 24478 ||| Stepping ~*~*~tactically~*~*~ (hiding).
 24507 | Snake:3  | 24507 ||| INVOKING Heroism.
 24510 | Snake:3  | Received a gift from Okawaru
 24511 | Snake:3  | 24511 ||| Stepping ~*~*~tactically~*~*~ (hiding).
 24542 | Snake:3  | 24542 ||| Stepping ~*~*~tactically~*~*~ (hiding).
 24561 | Snake:3  | 24561 ||| Stepping ~*~*~tactically~*~*~ (hiding).
 24562 | Snake:3  | 24562 ||| Stepping ~*~*~tactically~*~*~ (hiding).
 24845 | Snake:3  | 24845 ||| Stepping ~*~*~tactically~*~*~ (hiding).
 24849 | Snake:3  | 24849 ||| INVOKING Heroism.
 24851 | Snake:3  | 24851 ||| Stepping ~*~*~tactically~*~*~ (hiding).
 24866 | Snake:3  | Reached skill level 15 in Shields
 25153 | Snake:3  | 25153 ||| INVOKING Heroism.
 25212 | Snake:3  | 25212 ||| Stepping ~*~*~tactically~*~*~ (hiding).
 25447 | Snake:3  | Found a runed translucent gate.
 25447 | Snake:3  | Found a runed translucent gate.
 25447 | Snake:3  | Found a runed translucent gate.
 25450 | Snake:3  | Found an opulent altar of Gozag.
 25452 | Snake:3  | Noticed Kicir's ghost (adept GnFi)
 25694 | Snake:3  | 25694 ||| PLANNING SWAMP:1-3
 25832 | Swamp:1  | Entered Level 1 of the Swamp
 25892 | Swamp:1  | 25892 ||| Stepping ~*~*~tactically~*~*~ (hiding).
 25896 | Swamp:1  | 25896 ||| INVOKING Heroism.
 25897 | Swamp:1  | 25897 ||| INVOKING Finesse.
 25902 | Swamp:1  | Received a gift from Okawaru
 25968 | Swamp:1  | 25968 ||| INVOKING Heroism.
 25975 | Swamp:1  | 25975 ||| Stepping ~*~*~tactically~*~*~ (stealth).
 25980 | Swamp:1  | 25980 ||| Stepping ~*~*~tactically~*~*~ (stealth).
 26088 | Swamp:1  | 26088 ||| INVOKING Heroism.
 26090 | Swamp:1  | 26090 ||| SWAPPING to +1 morningstar of protection.
 26098 | Swamp:1  | 26098 ||| SWAPPING to +8 broad axe of draining.
 26125 | Swamp:1  | 26125 ||| SWAPPING to +1 morningstar of protection.
 26129 | Swamp:1  | 26129 ||| SWAPPING to +8 broad axe of draining.
 26143 | Swamp:1  | 26143 ||| Stepping ~*~*~tactically~*~*~ (hiding).
 26146 | Swamp:1  | 26146 ||| INVOKING Heroism.
 26147 | Swamp:1  | 26147 ||| INVOKING Finesse.
 26204 | Swamp:1  | 26204 ||| Stepping ~*~*~tactically~*~*~ (hiding).
 26375 | Swamp:1  | 26375 ||| INVOKING Heroism.
 26378 | Swamp:1  | 26378 ||| SWAPPING to +1 morningstar of protection.
 26396 | Swamp:1  | 26396 ||| SWAPPING to +8 broad axe of draining.
 26650 | Swamp:2  | Received a gift from Okawaru
 26659 | Swamp:2  | 26659 ||| INVOKING Heroism.
 26692 | Swamp:2  | 26692 ||| SWAPPING to +1 morningstar of protection.
 26702 | Swamp:2  | 26702 ||| SWAPPING to +8 broad axe of draining.
 26714 | Swamp:2  | Identified the +7 arbalest of the Mauling Goat {freeze,
                  | rC++ Dex-3} (Okawaru gifted it to you on level 2 of the
                  | Swamp)
 26714 | Swamp:2  | Received a gift from Okawaru
 26759 | Swamp:2  | 26759 ||| INVOKING Heroism.
 26970 | Swamp:2  | 26970 ||| Stepping ~*~*~tactically~*~*~ (stealth).
 27017 | Swamp:2  | 27017 ||| INVOKING Heroism.
 27021 | Swamp:2  | 27021 ||| SWAPPING to +1 morningstar of protection.
 27033 | Swamp:2  | 27033 ||| SWAPPING to +8 broad axe of draining.
 27055 | Swamp:2  | 27055 ||| READING scroll of enchant weapon.
 27055 | Swamp:2  | 27055 ||| ENCHANTING +8 broad axe of draining.
 27075 | Swamp:2  | 27075 ||| INVOKING Heroism.
 27094 | Swamp:2  | Reached skill level 13 in Fighting
 27196 | Swamp:2  | 27196 ||| DROPPING scarf of harm.
 27197 | Swamp:2  | 27197 ||| DRINKING 2 smoky puce potions.
 27298 | Swamp:2  | 27298 ||| DROPPING potion of ambrosia.
 27345 | Swamp:3  | 27345 ||| Stepping ~*~*~tactically~*~*~ (hiding).
 27347 | Swamp:3  | 27347 ||| INVOKING Heroism.
 27352 | Swamp:3  | 27352 ||| Stepping ~*~*~tactically~*~*~ (hiding).
 27532 | Swamp:3  | 27532 ||| Stepping ~*~*~tactically~*~*~ (hiding).
 27902 | Swamp:3  | 27902 ||| INVOKING Heroism.
 27904 | Swamp:3  | 27904 ||| SWAPPING to +1 morningstar of protection.
 27911 | Swamp:3  | 27911 ||| SWAPPING to +9 broad axe of draining.
 28028 | Swamp:3  | 28028 ||| PLANNING SNAKE:4
 28211 | Snake:4  | Entered Level 4 of the Snake Pit
 28239 | Snake:4  | 28239 ||| INVOKING Heroism.
 28268 | Snake:4  | Reached XP level 18. HP: 114/114 MP: 25/25
 28289 | Snake:4  | Identified the +6 kite shield of Happy Babbling {Drain
                  | rPois Str+8 SInv}
 28289 | Snake:4  | Noticed Asterion
 28290 | Snake:4  | 28290 ||| INVOKING Finesse.
 28300 | Snake:4  | 28300 ||| INVOKING Heroism.
 28313 | Snake:4  | Killed Asterion
 28324 | Snake:4  | 28324 ||| DROPPING +1 morningstar of protection.
 28362 | Snake:4  | 28362 ||| INVOKING Heroism.
 28384 | Snake:4  | Received a gift from Okawaru
 28407 | Snake:4  | Identified the +2 robe of Happy Babbling {Str+5}
 28424 | Snake:4  | 28424 ||| INVOKING Heroism.
 28444 | Snake:4  | Found Yparchig's Armour Emporium.
 28450 | Snake:4  | Found Luol's Distillery.
 28453 | Snake:4  | 28453 ||| BUYING +1 pair of boots of Qoxowkuqegu {Str+3
                  | Dex+2} (378 gold).
 28453 | Snake:4  | Bought the +1 pair of boots of Qoxowkuqegu {Str+3 Dex+2}
                  | for 378 gold pieces
 28453 | Snake:4  | 28453 ||| SHOPLISTING +15 Maxwell's patent armour {-Cast
                  | -Tele rElec Will+ rCorr} (1489 gold, have 8).
 28474 | Snake:4  | 28474 ||| SHOPLISTING 2 potions of curing (108 gold, have
                  | 8).
 28474 | Snake:4  | 28474 ||| SHOPLISTING potion of curing (54 gold, have 8).
 28474 | Snake:4  | 28474 ||| SHOPLISTING potion of heal wounds (90 gold, have
                  | 8).
 28474 | Snake:4  | 28474 ||| SHOPLISTING potion of mutation (144 gold, have
                  | 8).
 28499 | Snake:4  | 28499 ||| Stepping ~*~*~tactically~*~*~ (hiding).
 28507 | Snake:4  | 28507 ||| INVOKING Heroism.
 28544 | Snake:4  | Received a gift from Okawaru
 28547 | Snake:4  | 28547 ||| INVOKING Heroism.
 28555 | Snake:4  | Reached skill level 18 in Axes
 28591 | Snake:4  | 28591 ||| Stepping ~*~*~tactically~*~*~ (hiding).
 28601 | Snake:4  | Found Vedivi's Vocational Training.
 28648 | Snake:4  | 28648 ||| Stepping ~*~*~tactically~*~*~ (hiding).
 28748 | Snake:4  | 28748 ||| Stepping ~*~*~tactically~*~*~ (hiding).
 28809 | Snake:4  | 28809 ||| Stepping ~*~*~tactically~*~*~ (hiding).
 28833 | Snake:4  | 28833 ||| INVOKING Heroism.
 28976 | Snake:4  | 28976 ||| Stepping ~*~*~tactically~*~*~ (hiding).
 28983 | Snake:4  | 28983 ||| INVOKING Heroism.
 29078 | Snake:4  | 29078 ||| INVOKING Heroism.
 29102 | Snake:4  | 29102 ||| Stepping ~*~*~tactically~*~*~ (hiding).
 29108 | Snake:4  | 29108 ||| Stepping ~*~*~tactically~*~*~ (hiding).
 29253 | Snake:4  | 29253 ||| Stepping ~*~*~tactically~*~*~ (hiding).
 29257 | Snake:4  | 29257 ||| INVOKING Heroism.
 29299 | Snake:4  | Identified the +2 cloak of Rethralo {SInv} (Okawaru gifted
                  | it to you on level 4 of the Snake Pit)
 29299 | Snake:4  | Received a gift from Okawaru
 29304 | Snake:4  | 29304 ||| INVOKING Heroism.
 29388 | Snake:4  | 29388 ||| INVOKING Heroism.
 29410 | Snake:4  | Reached skill level 14 in Fighting
 29415 | Snake:4  | Reached skill level 18 in Shields
 29478 | Snake:4  | Got a serpentine rune of Zot
 29641 | Snake:4  | 29641 ||| PLANNING VAULTS:1-4
 29641 | Snake:4  | 29641 ||| DROPPING +1 cloak of stealth.
 29642 | Snake:4  | 29642 ||| UPGRADING to +6 kite shield of Happy Babbling
                  | {Drain rPois Str+8 SInv}.
 29652 | Snake:4  | 29652 ||| REMOVING ring of see invisible.
 29653 | Snake:4  | 29653 ||| DROPPING +0 tower shield.
 29654 | Snake:4  | 29654 ||| UPGRADING to +1 pair of boots of Qoxowkuqegu
                  | {Str+3 Dex+2}.
 29664 | Snake:4  | 29664 ||| DROPPING +2 pair of boots.
 29665 | Snake:4  | 29665 ||| UPGRADING to +6 ring of strength.
 29666 | Snake:4  | 29666 ||| UPGRADING to +4 ring of evasion.
 29940 | Vaults:1 | Entered Level 1 of the Vaults
 29955 | Vaults:1 | 29955 ||| INVOKING Heroism.
 29964 | Vaults:1 | 29964 ||| Stepping ~*~*~tactically~*~*~ (stealth).
 30070 | Vaults:1 | Found Wiuttua's Magic Scroll Emporium.
 30074 | Vaults:1 | 30074 ||| SHOPLISTING scroll of acquirement (936 gold, have
                  | 129).
 30074 | Vaults:1 | 30074 ||| BUYING scroll of teleportation (54 gold).
 30074 | Vaults:1 | Bought a scroll of teleportation for 54 gold pieces
 30079 | Vaults:1 | 30079 ||| INVOKING Heroism.
 30201 | Vaults:1 | Identified the ring of Fialan {Drain MP+9 Str+4 Int+4}
 30245 | Vaults:1 | 30245 ||| INVOKING Heroism.
 30257 | Vaults:1 | Reached skill level 15 in Fighting
 30257 | Vaults:1 | Reached XP level 19. HP: 117/124 MP: 24/26
 30270 | Vaults:1 | 30270 ||| Stepping ~*~*~tactically~*~*~ (hiding).
 30318 | Vaults:1 | 30318 ||| Stepping ~*~*~tactically~*~*~ (hiding).
 30427 | Vaults:1 | Identified the +1 arbalest "Rocsyan" {venom, Str+3}
 30429 | Vaults:1 | Identified the +5 arbalest "Bumakh" {elec, rN+ Int+3 Dex+3}
 30560 | Vaults:1 | Found a large runed translucent door.
 30560 | Vaults:1 | Found a large runed translucent door.
 30561 | Vaults:1 | Noticed qw's ghost (adept GrFi)
 30609 | Vaults:1 | 30609 ||| Stepping ~*~*~tactically~*~*~ (stealth).
 30964 | Vaults:1 | 30964 ||| INVOKING Heroism.
 31092 | Vaults:1 | 31092 ||| INVOKING Heroism.
 31183 | Vaults:1 | 31183 ||| Stepping ~*~*~tactically~*~*~ (stealth).
 31188 | Vaults:1 | 31188 ||| INVOKING Heroism.
 31195 | Vaults:1 | Received a gift from Okawaru
 31233 | Vaults:1 | 31233 ||| Stepping ~*~*~tactically~*~*~ (hiding).
 31840 | Vaults:2 | 31840 ||| INVOKING Heroism.
 31856 | Vaults:2 | Identified the +9 broad axe of Pukk {freeze, rCorr Int-2
                  | Dex+3} (Okawaru gifted it to you on level 2 of the Vaults)
 31856 | Vaults:2 | Received a gift from Okawaru
 31872 | Vaults:2 | 31872 ||| SWAPPING to +9 broad axe of Pukk {freeze, rCorr
                  | Int-2 Dex+3}.
 31873 | Vaults:2 | 31873 ||| DROPPING +9 broad axe of draining.
 31890 | Vaults:2 | 31890 ||| Stepping ~*~*~tactically~*~*~ (stealth).
 31891 | Vaults:2 | 31891 ||| Stepping ~*~*~tactically~*~*~ (hiding).
 31894 | Vaults:2 | 31894 ||| INVOKING Heroism.
 31980 | Vaults:2 | 31980 ||| Stepping ~*~*~tactically~*~*~ (stealth).
 31982 | Vaults:2 | 31982 ||| Stepping ~*~*~tactically~*~*~ (hiding).
 31984 | Vaults:2 | 31984 ||| Stepping ~*~*~tactically~*~*~ (hiding).
 31988 | Vaults:2 | 31988 ||| INVOKING Heroism.
 32011 | Vaults:2 | Reached skill level 18 in Armour
 32016 | Vaults:2 | 32016 ||| INVOKING Heroism.
 32067 | Vaults:2 | Identified the +11 tower shield of the Depths {Rampage Fly
                  | Int-4 Dex-2} (Okawaru gifted it to you on level 2 of the
                  | Vaults)
 32067 | Vaults:2 | Received a gift from Okawaru
 32300 | Vaults:2 | 32300 ||| FLEEEEING.
 32301 | Vaults:2 | 32301 ||| FLEEEEING.
 32302 | Vaults:2 | 32302 ||| FLEEEEING.
 32303 | Vaults:2 | 32303 ||| FLEEEEING.
 32304 | Vaults:2 | 32304 ||| FLEEEEING.
 32352 | Vaults:2 | Found a staircase to the Crypt.
 32438 | Vaults:2 | 32438 ||| Stepping ~*~*~tactically~*~*~ (hiding).
 32449 | Vaults:2 | Reached skill level 16 in Fighting
 32464 | Vaults:2 | 32464 ||| INVOKING Heroism.
 32465 | Vaults:2 | 32465 ||| INVOKING Finesse.
 32510 | Vaults:2 | Reached XP level 20. HP: 131/131 MP: 22/27
 32877 | Vaults:2 | 32877 ||| INVOKING Heroism.
 32905 | Vaults:2 | 32905 ||| Stepping ~*~*~tactically~*~*~ (hiding).
 32911 | Vaults:2 | 32911 ||| Stepping ~*~*~tactically~*~*~ (hiding).
 33146 | Vaults:2 | 33146 ||| UPGRADING to +11 tower shield of the Depths
                  | {Rampage Fly Int-4 Dex-2}.
 33156 | Vaults:2 | 33156 ||| DROPPING +6 kite shield of Happy Babbling {Drain
                  | rPois Str+8 SInv}.
 33157 | Vaults:2 | 33157 ||| UPGRADING to +2 cloak of Rethralo {SInv}.
 33167 | Vaults:2 | 33167 ||| DROPPING scarf of repulsion.
 33213 | Vaults:3 | 33213 ||| STAIRDANCE
 33224 | Vaults:3 | 33224 ||| STAIRDANCE
 33226 | Vaults:2 | 33226 ||| INVOKING Heroism.
 33291 | Vaults:3 | 33291 ||| INVOKING Heroism.
 33389 | Vaults:3 | 33389 ||| Stepping ~*~*~tactically~*~*~ (hiding).
 33497 | Vaults:3 | 33497 ||| Stepping ~*~*~tactically~*~*~ (hiding).
 33499 | Vaults:3 | 33499 ||| Stepping ~*~*~tactically~*~*~ (hiding).
 33501 | Vaults:3 | 33501 ||| INVOKING Heroism.
 33503 | Vaults:3 | 33503 ||| Stepping ~*~*~tactically~*~*~ (hiding).
 33515 | Vaults:3 | Received a gift from Okawaru
 33683 | Vaults:3 | 33683 ||| Stepping ~*~*~tactically~*~*~ (stealth).
 33687 | Vaults:3 | 33687 ||| INVOKING Heroism.
 33693 | Vaults:3 | 33693 ||| Stepping ~*~*~tactically~*~*~ (stealth).
 33729 | Vaults:3 | Identified the +8 long sword of the Glowing Firefly {holy,
                  | Dex+3} (Okawaru gifted it to you on level 3 of the Vaults)
 33729 | Vaults:3 | Received a gift from Okawaru
 33792 | Vaults:3 | 33792 ||| Stepping ~*~*~tactically~*~*~ (hiding).
 33797 | Vaults:3 | 33797 ||| INVOKING Heroism.
 33853 | Vaults:3 | 33853 ||| INVOKING Heroism.
 33955 | Vaults:3 | Reached skill level 17 in Fighting
 33960 | Vaults:3 | 33960 ||| Stepping ~*~*~tactically~*~*~ (hiding).
 33962 | Vaults:3 | 33962 ||| Stepping ~*~*~tactically~*~*~ (hiding).
 33963 | Vaults:3 | 33963 ||| Stepping ~*~*~tactically~*~*~ (hiding).
 33966 | Vaults:3 | 33966 ||| Stepping ~*~*~tactically~*~*~ (hiding).
 33967 | Vaults:3 | 33967 ||| Stepping ~*~*~tactically~*~*~ (hiding).
 33970 | Vaults:3 | 33970 ||| INVOKING Heroism.
 33974 | Vaults:3 | 33974 ||| INVOKING Finesse.
 34005 | Vaults:3 | 34005 ||| FLEEEEING.
 34006 | Vaults:3 | 34006 ||| FLEEEEING.
 34007 | Vaults:3 | 34007 ||| FLEEEEING.
 34008 | Vaults:3 | 34008 ||| FLEEEEING.
 34009 | Vaults:3 | 34009 ||| FLEEEEING.
 34010 | Vaults:3 | 34010 ||| FLEEEEING.
 34011 | Vaults:3 | 34011 ||| FLEEEEING.
 34012 | Vaults:3 | 34012 ||| FLEEEEING.
 34013 | Vaults:3 | 34013 ||| FLEEEEING.
 34014 | Vaults:3 | 34014 ||| FLEEEEING.
 34015 | Vaults:3 | 34015 ||| FLEEEEING.
 34016 | Vaults:3 | 34016 ||| FLEEEEING.
 34017 | Vaults:3 | 34017 ||| FLEEEEING.
 34018 | Vaults:3 | 34018 ||| FLEEEEING.
 34019 | Vaults:3 | 34019 ||| FLEEEEING.
 34020 | Vaults:3 | 34020 ||| FLEEEEING.
 34021 | Vaults:3 | 34021 ||| FLEEEEING.
 34026 | Vaults:3 | 34026 ||| FLEEEEING.
 34027 | Vaults:3 | 34027 ||| FLEEEEING.
 34028 | Vaults:3 | 34028 ||| FLEEEEING.
 34029 | Vaults:3 | 34029 ||| FLEEEEING.
 34030 | Vaults:3 | 34030 ||| FLEEEEING.
 34031 | Vaults:3 | 34031 ||| FLEEEEING.
 34032 | Vaults:3 | 34032 ||| FLEEEEING.
 34033 | Vaults:3 | 34033 ||| FLEEEEING.
 34034 | Vaults:3 | 34034 ||| FLEEEEING.
 34035 | Vaults:3 | 34035 ||| FLEEEEING.
 34036 | Vaults:3 | 34036 ||| FLEEEEING.
 34037 | Vaults:3 | 34037 ||| Stepping ~*~*~tactically~*~*~ (hiding).
 34038 | Vaults:3 | 34038 ||| Stepping ~*~*~tactically~*~*~ (hiding).
 34043 | Vaults:3 | 34043 ||| INVOKING Heroism.
 34119 | Vaults:3 | 34119 ||| Stepping ~*~*~tactically~*~*~ (stealth).
 34175 | Vaults:3 | 34175 ||| Stepping ~*~*~tactically~*~*~ (hiding).
 34329 | Vaults:3 | Found Pank's Jewellery Boutique.
 34330 | Vaults:3 | 34330 ||| Stepping ~*~*~tactically~*~*~ (hiding).
 34332 | Vaults:3 | 34332 ||| Stepping ~*~*~tactically~*~*~ (hiding).
 34342 | Vaults:3 | 34342 ||| Stepping ~*~*~tactically~*~*~ (hiding).
 34457 | Vaults:3 | 34457 ||| BUYING +4 ring of protection (432 gold).
 34457 | Vaults:3 | Bought a +4 ring of protection for 432 gold pieces
 34457 | Vaults:3 | 34457 ||| SHOPLISTING amulet "Viup" {Acrobat Rampage
                  | Fragile +Blink Regen+} (460 gold, have 86).
 34457 | Vaults:3 | 34457 ||| SHOPLISTING ring of fire (300 gold, have 86).
 34457 | Vaults:3 | 34457 ||| SHOPLISTING ring of protection from cold (300
                  | gold, have 86).
 34481 | Vaults:3 | 34481 ||| Stepping ~*~*~tactically~*~*~ (stealth).
 34531 | Vaults:3 | Identified the +4 hand axe of Qezyzow {venom, rN++ Int-3}
                  | (Okawaru gifted it to you on level 3 of the Vaults)
 34531 | Vaults:3 | Received a gift from Okawaru
 34604 | Vaults:3 | 34604 ||| Stepping ~*~*~tactically~*~*~ (hiding).
 34640 | Vaults:3 | 34640 ||| INVOKING Heroism.
 34641 | Vaults:3 | 34641 ||| INVOKING Finesse.
 34736 | Vaults:3 | 34736 ||| Stepping ~*~*~tactically~*~*~ (hiding).
 34763 | Vaults:3 | 34763 ||| DROPPING ring of see invisible.
 34764 | Vaults:3 | 34764 ||| DROPPING +6 ring of strength.
 34765 | Vaults:3 | 34765 ||| Stepping randomly (stuck).
 34768 | Vaults:3 | 34768 ||| Stepping randomly (stuck).
 34769 | Vaults:3 | 34769 ||| Stepping randomly (stuck).
 34794 | Vaults:3 | 34794 ||| Stepping randomly (stuck).
 34795 | Vaults:3 | 34795 ||| Stepping randomly (stuck).
 34796 | Vaults:3 | 34796 ||| Stepping randomly (stuck).
 34797 | Vaults:3 | 34797 ||| Stepping randomly (stuck).
 35236 | Vaults:4 | 35236 ||| PLANNING BAZAAR
 35236 | Vaults:4 | 35236 ||| INVOKING Heroism.
 35237 | Vaults:4 | 35237 ||| INVOKING Finesse.
 35315 | Vaults:4 | 35315 ||| INVOKING Heroism.
 35470 | Vaults:4 | 35470 ||| Stepping ~*~*~tactically~*~*~ (hiding).
 35501 | Vaults:4 | 35501 ||| Stepping ~*~*~tactically~*~*~ (stealth).
 35509 | Vaults:4 | 35509 ||| Stepping ~*~*~tactically~*~*~ (hiding).
 35587 | Vaults:4 | 35587 ||| FLEEEEING.
 35595 | Vaults:4 | 35595 ||| INVOKING Heroism.
 35627 | Vaults:4 | 35627 ||| Stepping ~*~*~tactically~*~*~ (hiding).
 35629 | Vaults:4 | 35629 ||| Stepping ~*~*~tactically~*~*~ (stealth).
 35640 | Vaults:4 | Reached XP level 21. HP: 137/139 MP: 28/28
 35681 | Vaults:4 | 35681 ||| Stepping ~*~*~tactically~*~*~ (hiding).
 35688 | Vaults:4 | 35688 ||| Stepping ~*~*~tactically~*~*~ (hiding).
 35753 | Vaults:4 | 35753 ||| Stepping ~*~*~tactically~*~*~ (stealth).
 35873 | Vaults:4 | 35873 ||| Stepping ~*~*~tactically~*~*~ (hiding).
 35879 | Vaults:4 | 35879 ||| Stepping ~*~*~tactically~*~*~ (hiding).
 35883 | Vaults:4 | Lost intelligence.
 35885 | Vaults:4 | Identified the +8 trident of Okawaru's Favour {antimagic,
                  | rF- rC- Will++ Int+2} (Okawaru gifted it to you on level 4
                  | of the Vaults)
 35885 | Vaults:4 | Received a gift from Okawaru
 36021 | Vaults:4 | Found a flickering gateway to a bazaar.
 36022 | Vaults:4 | 36022 ||| REMOVING +11 tower shield of the Depths {Rampage
                  | Fly Int-4 Dex-2}.
 36033 | Bazaar   | Entered a bazaar
 36082 | Bazaar   | Found Saxysch's Assorted Antiques.
 36117 | Bazaar   | Found Cuheups's Jewellery Shoppe.
 36131 | Bazaar   | Found Guruju's Assorted Antiques.
 36141 | Bazaar   | 36141 ||| BUYING scroll of enchant weapon (165 gold).
 36141 | Bazaar   | Bought a scroll of enchant weapon for 165 gold pieces
 36141 | Bazaar   | 36141 ||| BUYING scroll of teleportation (66 gold).
 36141 | Bazaar   | Bought a scroll of teleportation for 66 gold pieces
 36141 | Bazaar   | 36141 ||| BUYING silvery potion (19 gold).
 36141 | Bazaar   | Bought a silvery potion for 19 gold pieces
 36141 | Bazaar   | 36141 ||| READING 24 scrolls of identify.
 36141 | Bazaar   | 36141 ||| IDENTIFYING fizzy purple potion
 36142 | Bazaar   | 36142 ||| READING 23 scrolls of identify.
 36142 | Bazaar   | 36142 ||| IDENTIFYING silvery potion
 36143 | Bazaar   | 36143 ||| DROPPING potion of invisibility.
 36144 | Bazaar   | 36144 ||| DROPPING potion of berserk rage.
 36170 | Vaults:4 | 36170 ||| PLANNING VAULTS:1-4
 36265 | Vaults:4 | 36265 ||| Stepping ~*~*~tactically~*~*~ (hiding).
 36298 | Vaults:4 | 36298 ||| Stepping ~*~*~tactically~*~*~ (hiding).
 36465 | Vaults:4 | 36465 ||| Stepping ~*~*~tactically~*~*~ (hiding).
 36510 | Vaults:4 | 36510 ||| Stepping ~*~*~tactically~*~*~ (hiding).
 36672 | Vaults:4 | 36672 ||| UPGRADING to +11 tower shield of the Depths
                  | {Rampage Fly Int-4 Dex-2}.
 36702 | Vaults:4 | 36702 ||| Stepping ~*~*~tactically~*~*~ (hiding).
 36703 | Vaults:4 | 36703 ||| INVOKING Heroism.
 36756 | Vaults:4 | 36756 ||| Stepping ~*~*~tactically~*~*~ (hiding).
 36778 | Vaults:4 | 36778 ||| Stepping ~*~*~tactically~*~*~ (hiding).
 36780 | Vaults:4 | 36780 ||| Stepping ~*~*~tactically~*~*~ (hiding).
 36808 | Vaults:4 | 36808 ||| Stepping ~*~*~tactically~*~*~ (stealth).
 36810 | Vaults:4 | 36810 ||| INVOKING Heroism.
 36811 | Vaults:4 | 36811 ||| Stepping ~*~*~tactically~*~*~ (hiding).
 36812 | Vaults:4 | 36812 ||| Stepping ~*~*~tactically~*~*~ (hiding).
 36831 | Vaults:4 | Reached skill level 18 in Fighting
 36988 | Vaults:4 | 36988 ||| PLANNING SWAMP:4
 37388 | Swamp:4  | Entered Level 4 of the Swamp
 37400 | Swamp:4  | 37400 ||| Stepping ~*~*~tactically~*~*~ (hiding).
 37583 | Swamp:4  | 37583 ||| INVOKING Heroism.
 37643 | Swamp:4  | Noticed Aizul
 37668 | Swamp:4  | Killed Aizul
 37846 | Swamp:4  | 37846 ||| Stepping ~*~*~tactically~*~*~ (hiding).
 37847 | Swamp:4  | 37847 ||| Stepping ~*~*~tactically~*~*~ (hiding).
 37881 | Swamp:4  | 37881 ||| Stepping ~*~*~tactically~*~*~ (hiding).
 37882 | Swamp:4  | 37882 ||| Stepping ~*~*~tactically~*~*~ (hiding).
 37886 | Swamp:4  | Identified the +7 hand crossbow "Killer Bee's Regret"
                  | {venom, rPois rF+ rC++ Str-4} (Okawaru gifted it to you on
                  | level 4 of the Swamp)
 37886 | Swamp:4  | Received a gift from Okawaru
 37890 | Swamp:4  | 37890 ||| Stepping ~*~*~tactically~*~*~ (hiding).
 37896 | Swamp:4  | 37896 ||| Stepping ~*~*~tactically~*~*~ (stealth).
 37919 | Swamp:4  | 37919 ||| Stepping ~*~*~tactically~*~*~ (hiding).
 37926 | Swamp:4  | 37926 ||| Stepping ~*~*~tactically~*~*~ (stealth).
 37932 | Swamp:4  | 37932 ||| Stepping ~*~*~tactically~*~*~ (hiding).
 37934 | Swamp:4  | 37934 ||| Stepping ~*~*~tactically~*~*~ (hiding).
 37936 | Swamp:4  | 37936 ||| Stepping ~*~*~tactically~*~*~ (hiding).
 37937 | Swamp:4  | 37937 ||| Stepping ~*~*~tactically~*~*~ (hiding).
 37974 | Swamp:4  | 37974 ||| Stepping ~*~*~tactically~*~*~ (hiding).
 37984 | Swamp:4  | 37984 ||| Stepping ~*~*~tactically~*~*~ (hiding).
 37985 | Swamp:4  | 37985 ||| Stepping ~*~*~tactically~*~*~ (hiding).
 37998 | Swamp:4  | 37998 ||| Stepping ~*~*~tactically~*~*~ (stealth).
 38005 | Swamp:4  | 38005 ||| Stepping ~*~*~tactically~*~*~ (stealth).
 38042 | Swamp:4  | 38042 ||| Stepping ~*~*~tactically~*~*~ (stealth).
 38063 | Swamp:4  | 38063 ||| FLEEEEING.
 38127 | Swamp:4  | Reached skill level 21 in Armour
 38150 | Swamp:4  | 38150 ||| Stepping ~*~*~tactically~*~*~ (hiding).
 38294 | Swamp:4  | 38294 ||| Stepping ~*~*~tactically~*~*~ (stealth).
 38295 | Swamp:4  | 38295 ||| Stepping ~*~*~tactically~*~*~ (stealth).
 38349 | Swamp:4  | Got a decaying rune of Zot
 38389 | Swamp:4  | 38389 ||| PLANNING DEPTHS
 38690 | Depths:1 | Entered Level 1 of the Depths
 38698 | Depths:1 | Identified the +1 robe of Xuicvy {Will+ Int+4} (Okawaru
                  | gifted it to you on level 1 of the Depths)
 38698 | Depths:1 | Received a gift from Okawaru
 38704 | Depths:1 | 38704 ||| INVOKING Heroism.
 38705 | Depths:1 | 38705 ||| Stepping ~*~*~tactically~*~*~ (stealth).
 38706 | Depths:1 | 38706 ||| Stepping ~*~*~tactically~*~*~ (stealth).
 38707 | Depths:1 | 38707 ||| INVOKING Finesse.
 38730 | Depths:1 | Found a gateway to Hell.
 38733 | Depths:1 | HP: 30/141 [balrug/divine providence (10)]
 38734 | Depths:1 | 38734 ||| READING 14 scrolls of teleportation.
 38735 | Depths:1 | 38735 ||| DRINKING 5 potions of heal wounds.
 38742 | Depths:1 | HP: 31/141 [balrug/divine providence (11)]
 38742 | Depths:1 | HP: 10/141 [hell hog/fireball (21)]
 38743 | Depths:1 | 38743 ||| READING 13 scrolls of teleportation.
 38744 | Depths:1 | 38744 ||| DRINKING 4 potions of heal wounds.
 38745 | Depths:1 | 38745 ||| DRINKING 3 potions of heal wounds.
 38832 | Depths:1 | 38832 ||| INVOKING Heroism.
 38848 | Depths:1 | 38848 ||| INVOKING Finesse.
 38970 | Depths:1 | 38970 ||| INVOKING Heroism.
 39008 | Depths:1 | 39008 ||| INVOKING Finesse.
 39026 | Depths:1 | Reached skill level 9 in Throwing
 39030 | Depths:1 | Reached XP level 22. HP: 64/147 MP: 25/29
 39043 | Depths:1 | 39043 ||| INVOKING Heroism.
 39355 | Depths:1 | Found a one-way gate to the infinite horrors of the Abyss.
 39470 | Depths:1 | Found an ancient bone altar of Kikubaaqudgha.
 39529 | Depths:2 | 39529 ||| PLANNING WIZLAB
 39532 | Depths:2 | Found a one-way gateway to a ziggurat.
 39541 | Depths:2 | Found Ytotelac's Book Boutique.
 39549 | Depths:2 | 39549 ||| INVOKING Heroism.
 39564 | Depths:2 | 39564 ||| Stepping ~*~*~tactically~*~*~ (hiding).
 39606 | Depths:2 | 39606 ||| INVOKING Heroism.
 39670 | Depths:2 | Found a magical portal.
 39671 | Depths:2 | 39671 ||| READING 22 scrolls of identify.
 39671 | Depths:2 | 39671 ||| IDENTIFYING fizzy yellow potion
 39680 | WizLab   | Entered Tukima's Studio
 39701 | WizLab   | 39701 ||| INVOKING Heroism.
 39715 | WizLab   | 39715 ||| Stepping randomly (stuck).
 39716 | WizLab   | 39716 ||| Stepping randomly (stuck).
 39738 | WizLab   | 39738 ||| Stepping ~*~*~tactically~*~*~ (hiding).
 39744 | WizLab   | 39744 ||| INVOKING Heroism.
 39763 | WizLab   | 39763 ||| Stepping randomly (stuck).
 39764 | WizLab   | 39764 ||| Stepping randomly (stuck).
 39765 | WizLab   | 39765 ||| Stepping randomly (stuck).
 39782 | WizLab   | Received a gift from Okawaru
 39786 | WizLab   | Reached skill level 19 in Fighting
 39790 | WizLab   | Noticed qw's illusion
 39794 | WizLab   | 39794 ||| INVOKING Heroism.
 39810 | WizLab   | HP: 31/149 [+4 vorpal flail[a strange machine] (9)]
 39811 | WizLab   | 39811 ||| READING 13 scrolls of teleportation.
 39812 | WizLab   | 39812 ||| DRINKING 2 potions of heal wounds.
 39852 | WizLab   | Noticed qw's illusion
 39855 | WizLab   | Found the +1 cloak of Starlight {*Dazzle EV+4 Stlth--}
 39875 | WizLab   | 39875 ||| INVOKING Heroism.
 39888 | Abyss:3  | Found a shimmering blue altar of Sif Muna.
 39888 | Abyss:3  | Cast into level 3 of the Abyss (+0 trident of distortion)
 39949 | Abyss:3  | 39949 ||| INVOKING Heroism.
 39950 | Abyss:3  | 39950 ||| INVOKING Finesse.
 39951 | Abyss:3  | 39951 ||| INVOKING Finesse.
 39975 | Abyss:3  | Gained mutation: You are frail. (-10% HP) [a neqoxec]
 40005 | Abyss:3  | 40005 ||| DRINKING 11 potions of mutation.
 40005 | Abyss:3  | Lost mutation: You are frail. (-10% HP) [potion of
                  | mutation]
 40005 | Abyss:3  | Gained mutation: Your spells are a little harder to cast,
                  | but a little more powerful. [potion of mutation]
 40005 | Abyss:3  | Gained mutation: You possess an exceptional clarity of
                  | mind. [potion of mutation]
 40038 | Abyss:3  | Identified the amulet of Diariero {RegenMP rC+ Dex+7
                  | Slay+3}
 40045 | Abyss:3  | 40045 ||| INVOKING Heroism.
 40046 | Abyss:3  | Gained mutation: You are frail. (-10% HP) [a cacodemon]
 40048 | Abyss:3  | 40048 ||| INVOKING Finesse.
 40052 | Abyss:3  | 40052 ||| DRINKING 10 potions of mutation.
 40052 | Abyss:3  | Lost mutation: You are frail. (-10% HP) [potion of
                  | mutation]
 40052 | Abyss:3  | Lost mutation: Your spells are a little harder to cast, but
                  | a little more powerful. [potion of mutation]
 40052 | Abyss:3  | Gained mutation: You have sharp toenails. [potion of
                  | mutation]
 40052 | Abyss:3  | Gained mutation: You have a pair of small antennae on your
                  | head. [potion of mutation]
 40052 | Abyss:3  | Gained mutation: You are frail. (-10% HP) [potion of
                  | mutation]
 40053 | Abyss:3  | 40053 ||| DRINKING 9 potions of mutation.
 40053 | Abyss:3  | Lost mutation: You possess an exceptional clarity of mind.
                  | [potion of mutation]
 40053 | Abyss:3  | Lost mutation: You have sharp toenails. [potion of
                  | mutation]
 40053 | Abyss:3  | Gained mutation: You are agile. (Dex +4, Str/Int -1)
                  | [potion of mutation]
 40054 | Abyss:3  | 40054 ||| DRINKING 8 potions of mutation.
 40054 | Abyss:3  | Lost mutation: You have a pair of small antennae on your
                  | head. [potion of mutation]
 40054 | Abyss:3  | Lost mutation: You are frail. (-10% HP) [potion of
                  | mutation]
 40054 | Abyss:3  | Gained mutation: You have large cloven feet. [potion of
                  | mutation]
 40054 | Abyss:3  | Gained mutation: You have sharp fingernails. [potion of
                  | mutation]
 40054 | Abyss:3  | Gained mutation: You passively map a small area around you.
                  | [potion of mutation]
 40055 | Abyss:3  | 40055 ||| UPGRADING to +2 helmet.
 40151 | Abyss:3  | Found a corrupted altar of Lugonu.
 40302 | Abyss:3  | 40302 ||| Stepping ~*~*~tactically~*~*~ (stealth).
 40305 | Abyss:3  | 40305 ||| Stepping ~*~*~tactically~*~*~ (stealth).
 40326 | Abyss:3  | 40326 ||| Stepping ~*~*~tactically~*~*~ (stealth).
 40369 | Abyss:3  | 40369 ||| Stepping ~*~*~tactically~*~*~ (stealth).
 40371 | Abyss:3  | Found a shimmering blue altar of Sif Muna.
 40404 | Abyss:3  | Found a corrupted altar of Lugonu.
 40454 | Abyss:3  | 40454 ||| Stepping ~*~*~tactically~*~*~ (stealth).
 40455 | Abyss:3  | 40455 ||| Stepping ~*~*~tactically~*~*~ (stealth).
 40457 | Abyss:3  | 40457 ||| Stepping ~*~*~tactically~*~*~ (stealth).
 40668 | Abyss:3  | 40668 ||| Stepping ~*~*~tactically~*~*~ (stealth).
 40701 | Abyss:3  | 40701 ||| Stepping ~*~*~tactically~*~*~ (stealth).
 40728 | Abyss:3  | 40728 ||| Stepping ~*~*~tactically~*~*~ (stealth).
 40806 | Abyss:3  | 40806 ||| Stepping ~*~*~tactically~*~*~ (stealth).
 40807 | Abyss:3  | 40807 ||| Stepping ~*~*~tactically~*~*~ (stealth).
 40813 | Abyss:3  | 40813 ||| Stepping ~*~*~tactically~*~*~ (stealth).
 40817 | Abyss:3  | 40817 ||| INVOKING Heroism.
 40822 | Abyss:3  | Found a corrupted altar of Lugonu.
 40853 | Abyss:3  | Reached skill level 6 in Dodging
 40873 | WizLab   | Escaped the Abyss
 40884 | WizLab   | Noticed qw's illusion
 40884 | WizLab   | 40884 ||| INVOKING Heroism.
 40918 | WizLab   | Noticed qw's illusion
 40952 | WizLab   | 40952 ||| INVOKING Heroism.
 40976 | WizLab   | Noticed qw's illusion
 40976 | WizLab   | 40976 ||| INVOKING Heroism.
 41008 | WizLab   | 41008 ||| DROPPING +2 antimagic broad axe.
 41035 | WizLab   | Identified the +0 pair of boots of Qaeroirgh {rElec Int+4}
 41068 | WizLab   | 41068 ||| INVOKING Heroism.
 41110 | WizLab   | Received a gift from Okawaru
 41118 | WizLab   | 41118 ||| DROPPING +1 hat.
 41119 | WizLab   | 41119 ||| UPGRADING to +0 pair of boots of Qaeroirgh {rElec
                  | Int+4}.
 41129 | WizLab   | 41129 ||| DROPPING +2 pair of gloves of stealth.
 41158 | Depths:2 | 41158 ||| PLANNING DEPTHS
 41201 | Depths:2 | 41201 ||| INVOKING Heroism.
 41204 | Depths:2 | 41204 ||| Stepping ~*~*~tactically~*~*~ (hiding).
 41205 | Depths:2 | 41205 ||| Stepping ~*~*~tactically~*~*~ (hiding).
 41206 | Depths:2 | 41206 ||| Stepping ~*~*~tactically~*~*~ (hiding).
 41256 | Depths:2 | 41256 ||| INVOKING Heroism.
 41257 | Depths:2 | 41257 ||| INVOKING Finesse.
 41357 | Depths:2 | 41357 ||| FLEEEEING.
 41358 | Depths:2 | 41358 ||| FLEEEEING.
 41359 | Depths:2 | 41359 ||| FLEEEEING.
 41360 | Depths:2 | 41360 ||| FLEEEEING.
 41361 | Depths:2 | 41361 ||| FLEEEEING.
 41362 | Depths:2 | 41362 ||| FLEEEEING.
 41363 | Depths:2 | 41363 ||| FLEEEEING.
 41364 | Depths:2 | 41364 ||| FLEEEEING.
 41365 | Depths:2 | 41365 ||| FLEEEEING.
 41366 | Depths:2 | 41366 ||| FLEEEEING.
 41367 | Depths:2 | 41367 ||| FLEEEEING.
 41368 | Depths:2 | 41368 ||| FLEEEEING.
 41369 | Depths:2 | 41369 ||| FLEEEEING.
 41370 | Depths:2 | 41370 ||| FLEEEEING.
 41371 | Depths:2 | 41371 ||| FLEEEEING.
 41372 | Depths:2 | 41372 ||| FLEEEEING.
 41373 | Depths:2 | 41373 ||| FLEEEEING.
 41374 | Depths:2 | 41374 ||| FLEEEEING.
 41375 | Depths:2 | 41375 ||| FLEEEEING.
 41376 | Depths:2 | 41376 ||| FLEEEEING.
 41377 | Depths:2 | 41377 ||| FLEEEEING.
 41378 | Depths:2 | 41378 ||| FLEEEEING.
 41379 | Depths:2 | 41379 ||| FLEEEEING.
 41380 | Depths:2 | 41380 ||| FLEEEEING.
 41381 | Depths:2 | 41381 ||| INVOKING Heroism.
 41382 | Depths:2 | 41382 ||| INVOKING Finesse.
 41433 | Depths:2 | Received a gift from Okawaru
 41489 | Depths:2 | 41489 ||| INVOKING Finesse.
 41491 | Depths:2 | 41491 ||| Stepping ~*~*~tactically~*~*~ (stealth).
 41523 | Depths:2 | 41523 ||| INVOKING Heroism.
 41529 | Depths:2 | 41529 ||| Stepping ~*~*~tactically~*~*~ (hiding).
 41530 | Depths:2 | 41530 ||| Stepping ~*~*~tactically~*~*~ (hiding).
 41531 | Depths:2 | 41531 ||| Stepping ~*~*~tactically~*~*~ (hiding).
 41536 | Depths:2 | 41536 ||| INVOKING Finesse.
 41555 | Depths:2 | 41555 ||| Stepping ~*~*~tactically~*~*~ (hiding).
 41572 | Depths:2 | 41572 ||| Stepping ~*~*~tactically~*~*~ (hiding).
 41578 | Depths:2 | 41578 ||| INVOKING Heroism.
 41592 | Depths:2 | 41592 ||| Stepping ~*~*~tactically~*~*~ (hiding).
 41615 | Depths:2 | 41615 ||| Stepping ~*~*~tactically~*~*~ (hiding).
 41629 | Depths:2 | Reached skill level 20 in Fighting
 41658 | Depths:2 | 41658 ||| INVOKING Heroism.
 41705 | Depths:2 | 41705 ||| INVOKING Finesse.
 41787 | Depths:2 | Found a one-way gate leading to the halls of Pandemonium.
 41871 | Depths:2 | 41871 ||| Stepping ~*~*~tactically~*~*~ (hiding).
 42011 | Depths:2 | Identified the +7 hand axe of Kismet {freeze, Int+2 Dex+5}
                  | (Okawaru gifted it to you on level 2 of the Depths)
 42011 | Depths:2 | Received a gift from Okawaru
 42100 | Depths:2 | 42100 ||| Stepping ~*~*~tactically~*~*~ (hiding).
 42265 | Depths:2 | 42265 ||| Stepping randomly (stuck).
 42266 | Depths:2 | 42266 ||| INVOKING Heroism.
 42267 | Depths:2 | 42267 ||| INVOKING Finesse.
 42527 | Depths:3 | 42527 ||| INVOKING Heroism.
 42559 | Depths:3 | Reached XP level 23. HP: 156/156 MP: 30/30
 42633 | Depths:3 | 42633 ||| Stepping ~*~*~tactically~*~*~ (stealth).
 42634 | Depths:3 | 42634 ||| INVOKING Finesse.
 42635 | Depths:3 | 42635 ||| INVOKING Heroism.
 42636 | Depths:3 | 42636 ||| Stepping ~*~*~tactically~*~*~ (hiding).
 42659 | Depths:3 | Reached skill level 21 in Shields
 42734 | Depths:3 | 42734 ||| INVOKING Heroism.
 42735 | Depths:3 | 42735 ||| INVOKING Finesse.
 42853 | Depths:3 | 42853 ||| INVOKING Heroism.
 42903 | Depths:3 | 42903 ||| INVOKING Heroism.
 43093 | Depths:3 | 43093 ||| INVOKING Heroism.
 43093 | Depths:3 | Noticed a golden dragon
 43114 | Depths:3 | Killed a golden dragon
 43162 | Depths:3 | Noticed a caustic shrike
 43163 | Depths:3 | 43163 ||| INVOKING Heroism.
 43172 | Depths:3 | Killed a caustic shrike
 43210 | Depths:3 | 43210 ||| INVOKING Heroism.
 43214 | Depths:3 | 43214 ||| INVOKING Finesse.
 43247 | Depths:3 | Reached skill level 21 in Fighting
 43271 | Depths:3 | HP: 34/159 [salamander/+4 trident (9)]
 43272 | Depths:3 | 43272 ||| READING 12 scrolls of teleportation.
 43273 | Depths:3 | Noticed a golden dragon
 43273 | Depths:3 | 43273 ||| DRINKING potion of heal wounds.
 43440 | Depths:3 | 43440 ||| INVOKING Heroism.
 43483 | Depths:3 | 43483 ||| Stepping ~*~*~tactically~*~*~ (stealth).
 43488 | Depths:3 | 43488 ||| INVOKING Finesse.
 43515 | Depths:3 | Killed a golden dragon
 43515 | Depths:3 | Received a gift from Okawaru
 43557 | Depths:3 | 43557 ||| Stepping ~*~*~tactically~*~*~ (stealth).
 43558 | Depths:3 | Identified the +0 quarterstaff of Intuition {vorpal, rC+}
 43558 | Depths:3 | Identified the ring of Simecaegh {rPois Dex+2}
 43558 | Depths:3 | 43558 ||| Stepping ~*~*~tactically~*~*~ (stealth).
 43560 | Depths:3 | 43560 ||| Stepping ~*~*~tactically~*~*~ (hiding).
 43561 | Depths:3 | 43561 ||| Stepping ~*~*~tactically~*~*~ (hiding).
 43759 | Depths:4 | Entered Level 4 of the Depths
 43940 | Depths:4 | 43940 ||| FLEEEEING.
 43944 | Depths:4 | 43944 ||| INVOKING Heroism.
 43945 | Depths:4 | 43945 ||| INVOKING Finesse.
 44078 | Depths:4 | 44078 ||| Stepping ~*~*~tactically~*~*~ (stealth).
 44079 | Depths:4 | 44079 ||| Stepping ~*~*~tactically~*~*~ (stealth).
 44080 | Depths:4 | 44080 ||| INVOKING Heroism.
 44082 | Depths:4 | 44082 ||| INVOKING Finesse.
 44240 | Depths:4 | 44240 ||| INVOKING Heroism.
 44323 | Depths:4 | 44323 ||| Stepping ~*~*~tactically~*~*~ (hiding).
 44333 | Depths:4 | 44333 ||| INVOKING Heroism.
 44358 | Depths:4 | 44358 ||| Stepping ~*~*~tactically~*~*~ (hiding).
 44367 | Depths:4 | 44367 ||| INVOKING Heroism.
 44368 | Depths:4 | 44368 ||| Stepping ~*~*~tactically~*~*~ (hiding).
 44378 | Depths:4 | Reached skill level 22 in Fighting
 44405 | Depths:4 | Noticed a golden dragon
 44406 | Depths:4 | 44406 ||| INVOKING Heroism.
 44407 | Depths:4 | 44407 ||| INVOKING Finesse.
 44416 | Depths:4 | Noticed a golden dragon
 44423 | Depths:4 | Killed a golden dragon
 44423 | Depths:4 | Received a gift from Okawaru
 44424 | Depths:4 | Found a gate to the Realm of Zot.
 44430 | Depths:4 | Killed a golden dragon
 44467 | Depths:4 | 44467 ||| INVOKING Heroism.
 44515 | Depths:4 | 44515 ||| INVOKING Heroism.
 44566 | Depths:4 | 44566 ||| INVOKING Heroism.
 44567 | Depths:4 | 44567 ||| INVOKING Finesse.
 44577 | Depths:4 | Received a gift from Okawaru
 44623 | Depths:4 | 44623 ||| INVOKING Heroism.
 44624 | Depths:4 | 44624 ||| INVOKING Finesse.
 44956 | Depths:4 | 44956 ||| INVOKING Heroism.
 44957 | Depths:4 | 44957 ||| Stepping ~*~*~tactically~*~*~ (stealth).
 44971 | Depths:4 | Received a gift from Okawaru
 44974 | Depths:4 | 44974 ||| INVOKING Finesse.
 45042 | Depths:4 | 45042 ||| Stepping ~*~*~tactically~*~*~ (hiding).
 45055 | Depths:4 | Identified the +1 pair of gloves of Slovenliness {Contam
                  | rN+ Slay+3} (Okawaru gifted it to you on level 4 of the
                  | Depths)
 45055 | Depths:4 | Received a gift from Okawaru
 45140 | Depths:4 | 45140 ||| INVOKING Heroism.
 45141 | Depths:4 | 45141 ||| INVOKING Finesse.
 45150 | Depths:4 | Reached XP level 24. HP: 168/168 MP: 24/30
 45252 | Depths:4 | 45252 ||| PLANNING VAULTS:5
 45252 | Depths:4 | 45252 ||| DROPPING +1 pair of gloves of Slovenliness
                  | {Contam rN+ Slay+3}.
 45627 | Vaults:5 | Entered Level 5 of the Vaults
 45628 | Vaults:5 | 45628 ||| INVOKING Heroism.
 45629 | Vaults:5 | 45629 ||| STAIRDANCE
 45644 | Vaults:5 | 45644 ||| STAIRDANCE
 45669 | Vaults:5 | 45669 ||| STAIRDANCE
 45701 | Vaults:5 | 45701 ||| STAIRDANCE
 45711 | Vaults:5 | 45711 ||| STAIRDANCE
 45748 | Vaults:5 | 45748 ||| INVOKING Heroism.
 45764 | Vaults:5 | Reached skill level 23 in Fighting
 45822 | Vaults:5 | Identified the +5 rapier "Cussoh" {freeze, rC++}
 45825 | Vaults:5 | 45825 ||| Stepping ~*~*~tactically~*~*~ (hiding).
 45827 | Vaults:5 | 45827 ||| Stepping ~*~*~tactically~*~*~ (hiding).
 45828 | Vaults:5 | 45828 ||| Stepping ~*~*~tactically~*~*~ (hiding).
 45853 | Vaults:5 | 45853 ||| INVOKING Heroism.
 45893 | Vaults:5 | 45893 ||| Stepping ~*~*~tactically~*~*~ (hiding).
 45894 | Vaults:5 | 45894 ||| Stepping ~*~*~tactically~*~*~ (hiding).
 45997 | Vaults:5 | 45997 ||| Stepping ~*~*~tactically~*~*~ (stealth).
 46044 | Vaults:5 | Got a silver rune of Zot
 46053 | Vaults:5 | 46053 ||| Stepping ~*~*~tactically~*~*~ (hiding).
 46090 | Vaults:5 | Identified the +11 halberd "Kewurghyt" {vamp, Fragile rN+
                  | Dex+2}
 46094 | Vaults:5 | 46094 ||| Stepping ~*~*~tactically~*~*~ (stealth).
 46120 | Vaults:5 | Identified the +5 falchion "Fine" {antimagic, rPois rC+}
 46126 | Vaults:5 | 46126 ||| Stepping ~*~*~tactically~*~*~ (hiding).
 46144 | Vaults:5 | Noticed a dread lich
 46145 | Vaults:5 | 46145 ||| INVOKING Heroism.
 46146 | Vaults:5 | 46146 ||| INVOKING Finesse.
 46155 | Vaults:5 | Killed a dread lich
 46246 | Vaults:5 | 46246 ||| Stepping ~*~*~tactically~*~*~ (hiding).
 46325 | Vaults:5 | 46325 ||| INVOKING Heroism.
 46385 | Vaults:5 | 46385 ||| Stepping ~*~*~tactically~*~*~ (stealth).
 46386 | Vaults:5 | 46386 ||| INVOKING Heroism.
 46392 | Vaults:5 | Reached skill level 24 in Fighting
 46410 | Vaults:5 | Noticed an ancient lich
 46411 | Vaults:5 | 46411 ||| Stepping ~*~*~tactically~*~*~ (hiding).
 46412 | Vaults:5 | 46412 ||| Stepping ~*~*~tactically~*~*~ (hiding).
 46415 | Vaults:5 | 46415 ||| INVOKING Heroism.
 46416 | Vaults:5 | 46416 ||| INVOKING Finesse.
 46425 | Vaults:5 | Killed an ancient lich
 46427 | Vaults:5 | 46427 ||| Stepping ~*~*~tactically~*~*~ (hiding).
 46489 | Vaults:5 | 46489 ||| INVOKING Heroism.
 46490 | Vaults:5 | 46490 ||| INVOKING Finesse.
 46531 | Vaults:5 | 46531 ||| Stepping ~*~*~tactically~*~*~ (stealth).
 46533 | Vaults:5 | 46533 ||| Stepping ~*~*~tactically~*~*~ (stealth).
 46539 | Vaults:5 | 46539 ||| Stepping ~*~*~tactically~*~*~ (hiding).
 46555 | Vaults:5 | 46555 ||| Stepping ~*~*~tactically~*~*~ (hiding).
 46556 | Vaults:5 | 46556 ||| Stepping ~*~*~tactically~*~*~ (hiding).
 46559 | Vaults:5 | 46559 ||| INVOKING Heroism.
 46622 | Vaults:5 | 46622 ||| Stepping ~*~*~tactically~*~*~ (hiding).
 46626 | Vaults:5 | 46626 ||| INVOKING Heroism.
 46690 | Vaults:5 | 46690 ||| INVOKING Heroism.
 46709 | Vaults:5 | 46709 ||| Stepping ~*~*~tactically~*~*~ (stealth).
 46739 | Vaults:5 | Identified the +3 battleaxe of Devotion {vorpal, Contam rC+
                  | rN++}
 46740 | Vaults:5 | Identified the +4 scale mail "Notwil Irios" {Rampage rCorr}
 46742 | Vaults:5 | Identified the +2 rapier of the Illusory Cities {vorpal,
                  | rCorr}
 46754 | Vaults:5 | 46754 ||| INVOKING Heroism.
 46862 | Vaults:5 | Identified the +5 helmet "Recuri" {Int+6}
 46865 | Vaults:5 | 46865 ||| Stepping ~*~*~tactically~*~*~ (hiding).
 46937 | Vaults:5 | Received a gift from Okawaru
 46951 | Vaults:5 | 46951 ||| INVOKING Heroism.
 47191 | Vaults:5 | 47191 ||| INVOKING Heroism.
 47409 | Vaults:5 | 47409 ||| PLANNING SHOPPING SPREE
 47409 | Vaults:5 | 47409 ||| DROPPING +0 acid dragon scales.
 47410 | Vaults:5 | 47410 ||| UPGRADING to +5 helmet "Recuri" {Int+6}.
 47420 | Vaults:5 | 47420 ||| DROPPING +2 helmet.
 47421 | Vaults:5 | 47421 ||| UPGRADING to +1 pair of boots of Qoxowkuqegu
                  | {Str+3 Dex+2}.
 47431 | Vaults:5 | 47431 ||| DROPPING +0 pair of boots of Qaeroirgh {rElec
                  | Int+4}.
 47888 | Snake:4  | 47888 ||| BUYING 2 potions of curing (108 gold).
 47888 | Snake:4  | Bought 2 potions of curing for 108 gold pieces
 47888 | Snake:4  | 47888 ||| BUYING potion of curing (54 gold).
 47888 | Snake:4  | Bought a potion of curing for 54 gold pieces
 47888 | Snake:4  | 47888 ||| BUYING potion of heal wounds (90 gold).
 47888 | Snake:4  | Bought a potion of heal wounds for 90 gold pieces
 47888 | Snake:4  | 47888 ||| BUYING potion of mutation (144 gold).
 47888 | Snake:4  | Bought a potion of mutation for 144 gold pieces
 47888 | Snake:4  | 47888 ||| BUYING potion of mutation (144 gold).
 47888 | Snake:4  | Bought a potion of mutation for 144 gold pieces
 48129 | D:14     | 48129 ||| BUYING scroll of enchant armour (210 gold).
 48129 | D:14     | Bought a scroll of enchant armour for 210 gold pieces
 48129 | D:14     | 48129 ||| BUYING scroll of enchant weapon (210 gold).
 48129 | D:14     | Bought a scroll of enchant weapon for 210 gold pieces
 48617 | Vaults:3 | 48617 ||| BUYING amulet "Viup" {Acrobat Rampage Fragile
                  | +Blink Regen+} (460 gold).
 48617 | Vaults:3 | Bought the amulet "Viup" {Acrobat Rampage Fragile +Blink
                  | Regen+} for 460 gold pieces
 48617 | Vaults:3 | 48617 ||| BUYING ring of protection from cold (300 gold).
 48617 | Vaults:3 | Bought a ring of protection from cold for 300 gold pieces
 48617 | Vaults:3 | 48617 ||| DROPPING ring of ice.
 48618 | Vaults:3 | 48618 ||| CLEARING SHOPPING LIST
 48618 | Vaults:3 | 48618 ||| PLANNING ZOT:1-4
 48618 | Vaults:3 | 48618 ||| Stepping randomly (stuck).
 48619 | Vaults:3 | 48619 ||| UPGRADING to ring of protection from fire.
 48621 | Vaults:3 | 48621 ||| UPGRADING to ring "Zajit" {rC+ Will+}.
 48917 | Zot:1    | Entered Level 1 of the Realm of Zot
 48941 | Zot:1    | 48941 ||| Stepping ~*~*~tactically~*~*~ (hiding).
 48942 | Zot:1    | 48942 ||| Stepping ~*~*~tactically~*~*~ (hiding).
 48943 | Zot:1    | 48943 ||| Stepping ~*~*~tactically~*~*~ (hiding).
 48954 | Zot:1    | Reached XP level 25. HP: 173/180 MP: 30/30
 48985 | Zot:1    | 48985 ||| INVOKING Heroism.
 48987 | Zot:1    | Identified the +15 plate armour "Baqaps" {Dex+2 Stlth+}
                  | (Okawaru gifted it to you on level 1 of the Realm of Zot)
 48987 | Zot:1    | Received a gift from Okawaru
 49006 | Zot:1    | Reached skill level 9 in Dodging
 49121 | Zot:1    | 49121 ||| Stepping ~*~*~tactically~*~*~ (hiding).
 49140 | Zot:1    | 49140 ||| Stepping ~*~*~tactically~*~*~ (hiding).
 49234 | Zot:1    | 49234 ||| INVOKING Heroism.
 49263 | Zot:1    | Reached skill level 25 in Fighting
 49458 | Zot:1    | 49458 ||| Stepping ~*~*~tactically~*~*~ (hiding).
 49460 | Zot:1    | 49460 ||| Stepping ~*~*~tactically~*~*~ (hiding).
 49463 | Zot:1    | 49463 ||| INVOKING Heroism.
 49500 | Zot:1    | 49500 ||| INVOKING Heroism.
 49530 | Zot:1    | 49530 ||| INVOKING Heroism.
 49704 | Zot:1    | 49704 ||| INVOKING Heroism.
 49799 | Zot:1    | Identified the ring of Namon {Ice Fly rN+ Dex+2}
 49799 | Zot:1    | Noticed Josephina
 49800 | Zot:1    | 49800 ||| Stepping ~*~*~tactically~*~*~ (hiding).
 49811 | Zot:1    | Killed Josephina
 49929 | Zot:1    | 49929 ||| DROPPING +0 gold dragon scales.
 49930 | Zot:1    | 49930 ||| UPGRADING to +15 plate armour "Baqaps" {Dex+2
                  | Stlth+}.
 49940 | Zot:1    | 49940 ||| DROPPING +4 crystal plate armour "Vettobe" {Will+
                  | Str+3 Dex-3 Slay+2}.
 50047 | Zot:2    | Received a gift from Okawaru
 50057 | Zot:2    | 50057 ||| INVOKING Heroism.
 50099 | Zot:2    | 50099 ||| INVOKING Heroism.
 50113 | Zot:2    | HP: 43/182 [black draconian knight/bolt of cold (14)]
 50114 | Zot:2    | 50114 ||| READING 11 scrolls of teleportation.
 50114 | Zot:2    | HP: 1/182 [quicksilver dragon/bolt of dispelling energy
                  | (43)]
 50114 | Zot:2    | Killed from afar by a black draconian knight

Levels and vault maps discovered:
D:1:      sevenhm_arrival_forest_fort_small_6, layout_rooms,
          serial_co_window_serial, co_window_corner_a, co_window_paths_a,
          co_window_cross_1, co_window_corner_a, co_window_paths_a,
          co_window_of_opportunity_c, co_window_broadway_c, co_window_cross_2,
          co_window_broadway_a, co_window_of_opportunity_c, glass_columns_a,
          glass_columns_a, glass_columns_b, glass_columns_a, glass_columns_a,
          minmay_bisected
D:2:      layout_rooms
D:3:      layout_loops_ring, nicolae_overflow_quartered_altars,
          hellmonk_ecumenical_altar_dog_temple, columned_hall_lemuel
D:4:      layout_cave_pods, marbit_many_paths, serial_undead, serial_undead_d,
          serial_undead_b, serial_undead_a, serial_undead_e, serial_undead_c,
          serial_undead_f, serial_undead_c
D:5:      layout_loops_cross, minmay_misc_feat_rugged, nrook_mini_vaults,
          glass_columns_a
D:6:      dreamdust_elfheim, layout_basic, minmay_temple_entry_proselytizer,
          uniq_grinder
D:7:      layout_basic, gammafunk_temple_overflow_statue, lemuel_crystal_altar,
          roderic_batcave, nicolae_evil_shop
D:8:      layout_basic, dpeg_oklobed_lair, nicolae_ossuary_entry_plus,
          uniq_pikel
D:9:      layout_layer_cave, solitary_fountain
D:10:     layout_irregular_city, mainiacjoe_overflow_24_doors, serial_shops,
          nicolae_shop_statue_plus, chequers_big_river
D:11:     layout_stronghold
D:12:     layout_gridville, orc_0_dummy, minmay_misc_feat_plants,
          minmay_door_square, uniq_frances, uniq_snorg
D:13:     layout_loops_ring, corexii_hall_statues_x, kennysheep_diamond
D:14:     layout_grid_maze, grunt_vaults_entry_tiered,
          hangedman_abyss_or_decor_stabs, serial_shops, shop_statue,
          serial_nicolae_subway, nicolae_sub_station_crystal,
          nicolae_sub_station_metal, nicolae_sub_station_stone
D:15:     grunt_enter_depths_magical_seal, layout_cave_pools, moated_statue
Temple:   dshaligram_water_room_temple
Lair:1:   layout_cave_pods, serial_bayou_shore_b, grunt_megastairs_5,
          infiniplex_staircase_pool, serial_bayou_shore_b
Lair:2:   layout_regular_city, minmay_snake_entry_guardpost_medium,
          serial_bayou_shore_b
Lair:3:   layout_cave_pods, palyth_hydra_swamp_entry, gauntlet_entry_generic,
          grunt_megastairs_2, uniq_prince_ribbit2
Lair:4:   layout_cave_pods, dreamdust_gnoll_shepherd
Lair:5:   due_jungle_book, layout_cave_pods, minmay_slime_entry_oklob_open,
          infiniplex_staircase_pool_2, lemuel_fruit_fields
Swamp:1:  layout_basic_swamp, nicolae_swamp_trees_clearing, swamp_pool3,
          nicolae_swamp_oxbows
Swamp:2:  layout_basic_swamp, nicolae_swamp_ascending_descending
Swamp:3:  nicolae_swamp_decorative_isthmus, layout_basic_swamp,
          hangedman_swamp_ruin_wall, swamp_pool1, nicolae_swamp_round_clearing
Swamp:4:  swamp_basic_johnstein, layout_basic_swamp, uniq_aizul
Snake:1:  layout_grid_maze, st_stairs_14, uniq_louise
Snake:2:  layout_grid_shapes, minmay_shop_grove, serial_bayou_shore_b
Snake:3:  layout_basic, ebering_ghost_gozag
Snake:4:  snake_pit_salamanders_mu, layout_gridlike, drop_trap,
          nicolae_shop_vocational, minmay_shop_star, uniq_asterion
Orc:1:    layout_caves, basic_altar, nicolae_shop_self_help, uniq_sonja,
          uniq_maurice
Orc:2:    st_orc_mages, layout_diamond_mine
Vaults:1: ebering_ghost_disaster_area, hangedman_vaults_trim,
          ontoclasm_vaults_misaligned, hangedman_vaults_stretched_pinwheel,
          v_misc_10, v_misc_32, nicolae_vaults_little_squares_4, v_misc_19,
          nicolae_vaults_mini_display_case, nicolae_vaults_little_squares_4,
          nicolae_vaults_yaktaur_gun_rack, nicolae_vaults_shelves_hall,
          layout_vaults_chaotic_city, serial_shops, nicolae_shop_trees
Vaults:2: grunt_vaults_diagonal, minmay_crypt_entry_simple_statues, v_misc_31,
          hangedman_vaults_stream, dpeg_vaults_pockets_of_resistance,
          nicolae_vaults_network_quinsquares
          [nicolae_vaults_network_quincunx_subvault,
          nicolae_vaults_network_quincunx_subvault,
          nicolae_vaults_network_quincunx_subvault,
          nicolae_vaults_network_quincunx_subvault], v_misc_3,
          hangedman_vaults_stitches, nicolae_vaults_asterisk, v_misc_27,
          nicolae_vaults_angled_halls, layout_vaults_big_cross
Vaults:3: hangedman_vaults_impose, vaults_room_pools, vaults_room_pools,
          v_pattern_2, v_rooms_4, nicolae_vaults_rhombus_6,
          vaults_mumra_minichess_inversion,
          nicolae_vaults_windows_and_doors_thing, ontoclasm_vaults_spin,
          vaults_room_semicircle, layout_vaults_quadrants, serial_shops, shop
Vaults:4: nicolae_vaults_network_quincunx
          [nicolae_vaults_network_quincunx_subvault,
          nicolae_vaults_network_quincunx_subvault,
          nicolae_vaults_network_quincunx_subvault,
          nicolae_vaults_network_quincunx_subvault,
          nicolae_vaults_network_quincunx_subvault], v_misc_1,
          ontoclasm_vaults_ring_large, special_room_vaults [special_room_orc],
          nicolae_vaults_three_branches, vaults_standard_mumra_x, v_misc_27,
          vaults_standard_mumra_enter_the_diamond,
          ontoclasm_vaults_claustrophobia, nicolae_vaults_asterisk,
          layout_vaults_omnibox, serial_shops, bzr_entry_gold
Vaults:5: serial_shops
Depths:1: layout_big_octagon, lemuel_statue_altar, abyss_entry, hellmouth_3,
          kennysheep_crisscross, grunt_ministairs_15, kiku_gazebo_garden_becter
Depths:2: minmay_quantized_circle, layout_basic, enter_ziggurat_f, serial_shops,
          shop, grunt_hell_entry_dis_old, minmay_misc_feat_four_crosses,
          pan_entry, mu_enter_wizlab_3, minmay_misc_feat_doors
Depths:3: kennysheep_four_of_diamonds, layout_long_grid,
          abyss_entry_small_statue_room, hell_entry
Depths:4: grunt_zot_entry_bicorn, layout_gridlike,
          chequers_serial_rivers_room_b, hangedman_abyss_entry_splay,
          grunt_mini_vestibule, hangedman_decor_slide_cut, minivault_1
Zot:1:    kennysheep_ambush_hall, layout_gridville, zot_minivault_1,
          uniq_josephina
Zot:2:    layout_basic, zot_minivault_2

Skill      XL: |  1  2  3  4  5  6  7  8  9 10 11 12 13 14 15 16 17 18 19 20 21 22 23 24 25 |
---------------+----------------------------------------------------------------------------+-----
Axes           | 2 3 4 5 6 7 8 9 10 11 12 13 15 16 17 18 | 18.0
Fighting       | 4 5 6 7 8 9 10 11 12 13 15 16 17 18 20 22 24 25 | 25.3
Dodging        | 1 2 3 5 6 7 8 10 | 10.9
Armour         | 4 5 7 9 11 12 15 16 18 20 21 22 | 22.0
Throwing       | 1 2 5 6 7 8 9 11 | 11.5
Shields        | 5 9 10 11 12 13 17 18 19 20 21 22 | 22.0
Invocations    | 4 8 10 | 10.0

Action                   |  1- 3 |  4- 6 |  7- 9 | 10-12 | 13-15 | 16-18 | 19-21 | 22-24 | 25-27 || total
-------------------------+-------+-------+-------+-------+-------+-------+-------+-------+-------++-------
Melee: War axe           |   132 |   190 |   395 |   422 |   110 |       |       |       |       ||  1249
       Flail             |       |       |       |    16 |    44 |     7 |       |       |       ||    67
       Whip              |       |       |       |     7 |       |       |       |       |       ||     7
       Broad axe         |       |       |       |       |   683 |  1159 |  1181 |  1724 |   264 ||  5011
       Morningstar       |       |       |       |       |       |    50 |       |       |       ||    50
       Punch             |       |       |       |       |       |       |     1 |       |       ||     1
Throw: Boomerang         |       |       |    16 |    24 |     7 |     3 |    27 |    52 |    29 ||   158
       Javelin           |       |       |       |    10 |   168 |   111 |   110 |    70 |       ||   469
Invok: Heroism           |       |       |     3 |    20 |    43 |    47 |    27 |    56 |     8 ||   204
       Finesse           |       |       |       |     3 |    10 |     6 |     7 |    22 |       ||    48
  Use: Scroll            |     1 |     4 |    10 |     3 |    13 |     4 |     4 |     3 |     1 ||    43
       Potion            |       |       |     2 |       |     1 |     1 |     3 |     6 |       ||    13
 Stab: Distracted        |       |       |       |       |       |       |     2 |       |       ||     2
Armor: Scale mail        |    67 |    66 |       |       |       |       |       |       |       ||   133
       Chain mail        |       |    86 |   163 |       |       |       |       |       |       ||   249
       Plate armour      |       |       |   137 |   178 |   292 |    34 |       |       |    33 ||   674
       Crystal plate arm |       |       |       |       |       |   456 |   355 |   337 |   151 ||  1299
Dodge: Dodged            |    41 |   100 |   119 |    88 |   162 |   218 |   208 |   190 |    81 ||  1207
       Repelled          |       |       |       |     2 |     3 |    14 |     1 |       |       ||    20
Block: Buckler           |    23 |    36 |   115 |       |       |       |       |       |       ||   174
       Kite shield       |       |       |    16 |   328 |   561 |   363 |   193 |       |       ||  1461
       Reflection        |       |       |     2 |     9 |    36 |    99 |    62 |    67 |     5 ||   280
       Tower shield      |       |       |       |       |       |   734 |   843 |  1683 |   402 ||  3662
       Other             |       |       |       |       |       |       |    12 |       |       ||    12

Table legend:
 A = Non-vault XP
 B = Vault XP
 C = Vault XP percentage of total XP
 D = Non-vault monster count
 E = Vault monster count
 F = Vault count percentage of total count
                 A         B        C        D         E       F
            +---------+---------+-------+---------+---------+-------
      Total |  574172 |  474646 |  45.3 |    1253 |     645 |  34.0
            +---------+---------+-------+---------+---------+-------
        D:1 |      59 |       3 |   4.8 |      32 |       2 |   5.9
        D:2 |      32 |       0 |   0.0 |      15 |       0 |   0.0
        D:3 |     130 |       8 |   5.8 |      28 |       4 |  12.5
        D:4 |     510 |     454 |  47.1 |      32 |      11 |  25.6
        D:5 |     573 |       0 |   0.0 |      25 |       0 |   0.0
        D:6 |     815 |     347 |  29.9 |      13 |       2 |  13.3
        D:7 |    1480 |      10 |   0.7 |      20 |       8 |  28.6
        D:8 |    2942 |     641 |  17.9 |      23 |       1 |   4.2
        D:9 |    1511 |       0 |   0.0 |      11 |       0 |   0.0
       D:10 |    2654 |       0 |   0.0 |      36 |       0 |   0.0
       D:11 |    3687 |       0 |   0.0 |      21 |       0 |   0.0
       D:12 |   15283 |    2634 |  14.7 |      33 |       2 |   5.7
       D:13 |    8002 |     577 |   6.7 |      14 |       2 |  12.5
       D:14 |   17457 |    8111 |  31.7 |      34 |      25 |  42.4
       D:15 |   12974 |    4802 |  27.0 |      29 |      10 |  25.6
     Lair:1 |    8836 |     163 |   1.8 |      35 |       1 |   2.8
     Lair:2 |    3573 |     799 |  18.3 |      15 |       5 |  25.0
     Lair:3 |   11532 |    4929 |  29.9 |      32 |      16 |  33.3
     Lair:4 |    5227 |     245 |   4.5 |      15 |       2 |  11.8
     Lair:5 |    3531 |   16233 |  82.1 |      17 |      28 |  62.2
    Swamp:1 |   14734 |       0 |   0.0 |      23 |       0 |   0.0
    Swamp:2 |   12686 |       0 |   0.0 |      27 |       0 |   0.0
    Swamp:3 |    6534 |       0 |   0.0 |      14 |       0 |   0.0
    Swamp:4 |   11966 |   25372 |  68.0 |      24 |      34 |  58.6
    Snake:1 |   10577 |    2156 |  16.9 |      24 |       3 |  11.1
    Snake:2 |   11763 |       0 |   0.0 |      20 |       0 |   0.0
    Snake:3 |   25877 |       0 |   0.0 |      48 |       0 |   0.0
    Snake:4 |   28901 |   33533 |  53.7 |      67 |      48 |  41.7
      Orc:1 |    2433 |    1202 |  33.1 |      33 |       2 |   5.7
      Orc:2 |    4124 |    4939 |  54.5 |      39 |      43 |  52.4
   Vaults:1 |   27006 |   10650 |  28.3 |      37 |      16 |  30.2
   Vaults:2 |   28336 |   46085 |  61.9 |      39 |      54 |  58.1
   Vaults:3 |   28712 |   31371 |  52.2 |      49 |      42 |  46.2
   Vaults:4 |   18886 |   37825 |  66.7 |      30 |      66 |  68.8
   Vaults:5 |   15817 |   86900 |  84.6 |      19 |      69 |  78.4
   Depths:1 |   38948 |   13318 |  25.5 |      55 |      17 |  23.6
   Depths:2 |   31905 |   23096 |  42.0 |      37 |      24 |  39.3
   Depths:3 |   41009 |   21400 |  34.3 |      53 |      15 |  22.1
   Depths:4 |   52121 |   22116 |  29.8 |      66 |      19 |  22.4
      Zot:1 |   38294 |   34992 |  47.7 |      35 |      26 |  42.6
      Zot:2 |   10698 |    5764 |  35.0 |       8 |       4 |  33.3
    Abyss:3 |   12037 |    6821 |  36.2 |      26 |      11 |  29.7
     WizLab |       0 |   23898 | 100.0 |       0 |      24 | 100.0
   Gauntlet |       0 |    3252 | 100.0 |       0 |       9 | 100.0
            +---------+---------+-------+---------+---------+-------
